Workbook

Sheet PLANILHA ORÇAMENTÁRIA
B1: PREFEITURA MUNICIPAL DE JOÃO NEIVA
B2: PLANILHA ORÇAMENTÁRIA
B3: OBRA: REFORMA DA QUADRA POLIESPORTIVA DO BAIRRO MONTE LÍBANO, JOÃO NEIVA/ES | E3: L. SOCIAIS: | F3: 1.5727 | G3: TABELAS DE REFERÊNCIA: SINAPI/ES - MAR/2025
B4: LOCAL: MONTE LÍBANO, JOÃO NEIVA/ES | E4: BDI: | F4: 0.3659 | G4: DER/ES EDIFICAÇÕES - JAN/2025
A6: ITEM | B6: CÓDIGO | C6: ORGÃO | D6: DESCRIÇÃO SERVIÇO | E6: UNIDADE | F6: QUANTIDADE | G6: CUSTO (R$)
G8: UNITÁRIO | H8: UNITÁRIO C/ BDI | I8: TOTAL
A9: 1 | D9: SERVIÇOS PRELIMINARES
A10: 1.1 | D10: DEMOLIÇÕES E REMOÇÕES
A11: 1.1.1 | B11: 97622 | C11: SINAPI | D11: DEMOLIÇÃO DE ALVENARIA DE BLOCO FURADO, DE FORMA MANUAL, SEM REAPROVEITAMENTO. AF_09/2023 | E11: m3 | F11: ='MEMÓRIA DE CÁLCULO'!J12 -> 0.25 | G11: 66.82 | H11: =TRUNC(ROUND(G11*1.3659,2),2) -> 91.27 | I11: =TRUNC(ROUND(F11*H11,2),2) -> 22.82
A12: 1.1.2 | B12: 97631 | C12: SINAPI | D12: DEMOLIÇÃO DE ARGAMASSAS, DE FORMA MANUAL, SEM REAPROVEITAMENTO. AF_09/2023 | E12: m2 | F12: ='MEMÓRIA DE CÁLCULO'!J17 -> 2.16 | G12: 13.49 | H12: =TRUNC(ROUND(G12*1.3659,2),2) -> 18.43 | I12: =TRUNC(ROUND(F12*H12,2),2) -> 39.81
A13: 1.1.3 | B13: 104789 | C13: SINAPI | D13: DEMOLIÇÃO DE PISO DE CONCRETO SIMPLES, DE FORMA MANUAL, SEM REAPROVEITAMENTO. AF_09/2023 | E13: m3 | F13: ='MEMÓRIA DE CÁLCULO'!J22 -> 0.18 | G13: 235.19 | H13: =TRUNC(ROUND(G13*1.3659,2),2) -> 321.25 | I13: =TRUNC(ROUND(F13*H13,2),2) -> 57.83
A14: 1.1.4 | B14: 104803 | C14: SINAPI | D14: REMOÇÃO CALHAS E RUFOS, DE FORMA MANUAL, SEM REAPROVEITAMENTO. AF_09/2023 | E14: m | F14: ='MEMÓRIA DE CÁLCULO'!J27 -> 99.2 | G14: 5.57 | H14: =TRUNC(ROUND(G14*1.3659,2),2) -> 7.61 | I14: =TRUNC(ROUND(F14*H14,2),2) -> 754.91
A15: 1.1.5 | B15: COMP-01 | D15: RETIRADA DE ESQUADRIAS METÁLICAS | E15: m2 | F15: ='MEMÓRIA DE CÁLCULO'!J32 -> 14.54 | G15: ='COMP-01'!I28 -> 14.22 | H15: =TRUNC(ROUND(G15*1.3659,2),2) -> 19.42 | I15: =TRUNC(ROUND(F15*H15,2),2) -> 282.37
D16: SUB-ITEM 01 | I16: =SUM(I11:I15) -> 1157.74
A18: 2 | D18: INSTALAÇÃO DO CANTEIRO DE OBRAS
A19: 2.1 | D19: TAPUMES, BARRACÕES E COBERTURAS
A20: 2.1.1 | B20: 103689 | C20: SINAPI | D20: FORNECIMENTO E INSTALAÇÃO DE PLACA DE OBRA COM CHAPA GALVANIZADA E ESTRUTURA DE MADEIRA. AF_03/2022_PS | E20: m2 | F20: ='MEMÓRIA DE CÁLCULO'!J40 -> 8 | G20: 466.65 | H20: =TRUNC(ROUND(G20*1.3659,2),2) -> 637.4 | I20: =TRUNC(ROUND(F20*H20,2),2) -> 5099.2
A21: 2.1.2 | B21: COMP-02 | D21: LOCAÇÃO DE ANDAIME METALICO PARA TRABALHO EM FACHADA DE EDIFÍCIO (ALUGUEL DE 1M² POR 1 MÊS) INCLUSIVE FRETE, MONTAGEM E DESMONTAGEM | E21: m2 | F21: ='MEMÓRIA DE CÁLCULO'!J45 -> 24 | G21: ='COMP-02'!I28 -> 39.07 | H21: =TRUNC(ROUND(G21*1.3659,2),2) -> 53.37 | I21: =TRUNC(ROUND(F21*H21,2),2) -> 1280.88
A22: 2.1.3 | B22: 010775 | C22: SINAPI | D22: LOCACAO DE CONTAINER 2,30 X 6,00 M, ALT. 2,50 M, COM 1 SANITARIO, PARA ESCRITORIO, COMPLETO, SEM DIVISORIAS INTERNAS (NAO INCLUI MOBILIZACAO/DESMOBILIZACAO) | E22: mês | F22: ='MEMÓRIA DE CÁLCULO'!J50 -> 3 | G22: 1225 | H22: =TRUNC(ROUND(G22*1.3659,2),2) -> 1673.23 | I22: =TRUNC(ROUND(F22*H22,2),2) -> 5019.69
A23: 2.1.4 | B23: 020344 | C23: DER-ES | D23: MOBILIZAÇÃO E DESMOBILIZAÇÃO DE CONTEINER LOCADO PARA BARRACÃO DE OBRA | E23: und | F23: ='MEMÓRIA DE CÁLCULO'!J55 -> 1 | G23: 1486.67 | H23: =TRUNC(ROUND(G23*1.3659,2),2) -> 2030.64 | I23: =TRUNC(ROUND(F23*H23,2),2) -> 2030.64
D24: SUB-ITEM 02 | I24: =SUM(I20:I23) -> 13430.41
A26: 3 | D26: MOVIMENTO DE TERRA
A27: 3.1 | D27: ESCAVAÇÕES DE VALAS
A28: 3.1.1 | B28: 96527 | C28: SINAPI | D28: ESCAVAÇÃO MANUAL PARA VIGA BALDRAME OU SAPATA CORRIDA (INCLUINDO ESCAVAÇÃO PARA COLOCAÇÃO DE FÔRMAS). AF_01/2024 | E28: m3 | F28: ='MEMÓRIA DE CÁLCULO'!J62 -> 0.45 | G28: 121.22 | H28: =TRUNC(ROUND(G28*1.3659,2),2) -> 165.57 | I28: =TRUNC(ROUND(F28*H28,2),2) -> 74.51
A29: 3.2 | D29: ATERRO E REATERRO DE VALAS
A30: 3.2.1 | B30: 93382 | C30: SINAPI | D30: REATERRO MANUAL DE VALAS, COM COMPACTADOR DE SOLOS DE PERCUSSÃO. AF_08/2023 | E30: m3 | F30: ='MEMÓRIA DE CÁLCULO'!J70 -> 0.18 | G30: 31.22 | H30: =TRUNC(ROUND(G30*1.3659,2),2) -> 42.64 | I30: =TRUNC(ROUND(F30*H30,2),2) -> 7.68
A31: 3.3 | D31: TRANSPORTES
A32: 3.3.1 | B32: 100984 | C32: SINAPI | D32: CARGA, MANOBRA E DESCARGA DE ENTULHO EM CAMINHÃO BASCULANTE 18 M³ - CARGA COM ESCAVADEIRA HIDRÁULICA (CAÇAMBA DE 0,80 M³ / 111 HP) E DESCARGA LIVRE (UNIDADE: M3). AF_07/2020 | E32: m3 | F32: ='MEMÓRIA DE CÁLCULO'!J79 -> 0.82 | G32: 9.46 | H32: =TRUNC(ROUND(G32*1.3659,2),2) -> 12.92 | I32: =TRUNC(ROUND(F32*H32,2),2) -> 10.59
D33: SUB-ITEM 03 | I33: =SUM(I28:I32) -> 92.78
A35: 4 | D35: ESTRUTURAS
A36: 4.1 | D36: LASTROS E FUNDAÇÕES RASAS
A37: 4.1.1 | B37: 96619 | C37: SINAPI | D37: LASTRO DE CONCRETO MAGRO, APLICADO EM BLOCOS DE COROAMENTO OU SAPATAS, ESPESSURA DE 5 CM. AF_01/2024 | E37: m2 | F37: ='MEMÓRIA DE CÁLCULO'!J86 -> 0.77 | G37: 41.06 | H37: =TRUNC(ROUND(G37*1.3659,2),2) -> 56.08 | I37: =TRUNC(ROUND(F37*H37,2),2) -> 43.18
A38: 4.1.2 | B38: 96536 | C38: SINAPI | D38: FABRICAÇÃO, MONTAGEM E DESMONTAGEM DE FÔRMA PARA VIGA BALDRAME, EM MADEIRA SERRADA, E=25 MM, 4 UTILIZAÇÕES. AF_01/2024 | E38: m2 | F38: ='MEMÓRIA DE CÁLCULO'!J91 -> 0.77 | G38: 75.83 | H38: =TRUNC(ROUND(G38*1.3659,2),2) -> 103.58 | I38: =TRUNC(ROUND(F38*H38,2),2) -> 79.76
A39: 4.1.3 | B39: 96555 | C39: SINAPI | D39: CONCRETAGEM DE BLOCO DE COROAMENTO OU VIGA BALDRAME, FCK 30 MPA, COM USO DE JERICA - LANÇAMENTO, ADENSAMENTO E ACABAMENTO. AF_01/2024 | E39: m3 | F39: ='MEMÓRIA DE CÁLCULO'!J96 -> 0.23 | G39: 719.22 | H39: =TRUNC(ROUND(G39*1.3659,2),2) -> 982.38 | I39: =TRUNC(ROUND(F39*H39,2),2) -> 225.95
A40: 4.1.4 | B40: 104918 | C40: SINAPI | D40: ARMAÇÃO DE SAPATA ISOLADA, VIGA BALDRAME E SAPATA CORRIDA UTILIZANDO AÇO CA-50 DE 8 MM - MONTAGEM. AF_01/2024 | E40: kg | F40: ='MEMÓRIA DE CÁLCULO'!J101 -> 9.48 | G40: 16.78 | H40: =TRUNC(ROUND(G40*1.3659,2),2) -> 22.92 | I40: =TRUNC(ROUND(F40*H40,2),2) -> 217.28
A41: 4.1.5 | B41: 104916 | C41: SINAPI | D41: ARMAÇÃO DE SAPATA ISOLADA, VIGA BALDRAME E SAPATA CORRIDA UTILIZANDO AÇO CA-60 DE 5 MM - MONTAGEM. AF_01/2024 | E41: kg | F41: ='MEMÓRIA DE CÁLCULO'!J106 -> 3.53 | G41: 19.56 | H41: =TRUNC(ROUND(G41*1.3659,2),2) -> 26.72 | I41: =TRUNC(ROUND(F41*H41,2),2) -> 94.32
D42: SUB-ITEM 04 | I42: =SUM(I37:I41) -> 660.49
A44: 5 | D44: PAREDES E PAINÉIS
A45: 5.1 | D45: ALVENARIA DE VEDAÇÃO EMPREGANDO ARGAMASSA DE CIMENTO, CAL E AREIA
A46: 5.1.1 | B46: 103333 | C46: SINAPI | D46: ALVENARIA DE VEDAÇÃO DE BLOCOS CERÂMICOS FURADOS NA HORIZONTAL DE 9X14X19 CM (ESPESSURA 9 CM) E ARGAMASSA DE ASSENTAMENTO COM PREPARO MANUAL. AF_12/2021 | E46: m2 | F46: ='MEMÓRIA DE CÁLCULO'!J113 -> 5.53 | G46: 125.82 | H46: =TRUNC(ROUND(G46*1.3659,2),2) -> 171.86 | I46: =TRUNC(ROUND(F46*H46,2),2) -> 950.39
D47: SUB-ITEM 05 | I47: =SUM(I46) -> 950.39
A49: 6 | D49: ESQUADRIAS METÁLICAS
A50: 6.1 | D50: GRADES E PORTÕES
A51: 6.1.1 | B51: 100701 | C51: SINAPI | D51: PORTA DE FERRO, DE ABRIR, TIPO GRADE COM CHAPA, COM GUARNIÇÕES. AF_12/2019 | E51: m2 | F51: ='MEMÓRIA DE CÁLCULO'!J120 -> 1.68 | G51: 699.13 | H51: =TRUNC(ROUND(G51*1.3659,2),2) -> 954.94 | I51: =TRUNC(ROUND(F51*H51,2),2) -> 1604.3
A52: 6.1.2 | B52: 102363 | C52: SINAPI | D52: ALAMBRADO PARA QUADRA POLIESPORTIVA, ESTRUTURADO POR TUBOS DE ACO GALVANIZADO, (MONTANTES COM DIAMETRO 2", TRAVESSAS E ESCORAS COM DIÂMETRO 1 ¼"), COM TELA DE ARAME GALVANIZADO, FIO 12 BWG E MALHA QUADRADA 5X5CM (EXCETO MURETA) | E52: m2 | F52: ='MEMÓRIA DE CÁLCULO'!J125 -> 9.01 | G52: 215.17 | H52: =TRUNC(ROUND(G52*1.3659,2),2) -> 293.9 | I52: =TRUNC(ROUND(F52*H52,2),2) -> 2648.04
D53: SUB-ITEM 06 | I53: =SUM(I51:I52) -> 4252.34
A55: 7 | D55: COBERTURA
A56: 7.1 | D56: RUFOS E CALHAS
A57: 7.1.1 | B57: 94229 | C57: SINAPI | D57: CALHA EM CHAPA DE AÇO GALVANIZADO NÚMERO 24, DESENVOLVIMENTO DE 100 CM, INCLUSO TRANSPORTE VERTICAL. AF_07/2019 | E57: m | F57: ='MEMÓRIA DE CÁLCULO'!J132 -> 60.2 | G57: 152.31 | H57: =TRUNC(ROUND(G57*1.3659,2),2) -> 208.04 | I57: =TRUNC(ROUND(F57*H57,2),2) -> 12524.01
A58: 7.1.2 | B58: 89578 | C58: SINAPI | D58: TUBO PVC, SÉRIE R, ÁGUA PLUVIAL, DN 100 MM, FORNECIDO E INSTALADO EM CONDUTORES VERTICAIS DE ÁGUAS PLUVIAIS. AF_06/2022 | E58: m | F58: ='MEMÓRIA DE CÁLCULO'!J137 -> 39 | G58: 41.83 | H58: =TRUNC(ROUND(G58*1.3659,2),2) -> 57.14 | I58: =TRUNC(ROUND(F58*H58,2),2) -> 2228.46
D59: SUB-ITEM 07 | I59: =SUM(I57:I58) -> 14752.47
A61: 8 | D61: IMPERMEABILIZAÇÃO
A62: 8.1 | D62: IMPERMEABILIZAÇÃO CALHAS, LAJES DESCOBERTAS, BALDRAMES, PAREDES E JARDINEIRAS
A63: 8.1.1 | B63: 98557 | C63: SINAPI | D63: IMPERMEABILIZAÇÃO DE SUPERFÍCIE COM EMULSÃO ASFÁLTICA, 2 DEMÃOS. AF_09/2023 | E63: m2 | F63: ='MEMÓRIA DE CÁLCULO'!J144 -> 3.84 | G63: 42.28 | H63: =TRUNC(ROUND(G63*1.3659,2),2) -> 57.75 | I63: =TRUNC(ROUND(F63*H63,2),2) -> 221.76
A64: 8.1.2 | B64: 98575 | C64: SINAPI | D64: TRATAMENTO DE JUNTA DE DILATAÇÃO, COM TARUGO DE POLIETILENO E SELANTE PU, INCLUSO PREENCHIMENTO COM ESPUMA EXPANSIVA PU. AF_09/2023 | E64: m | F64: ='MEMÓRIA DE CÁLCULO'!J149 -> 290.5 | G64: 72.13 | H64: =TRUNC(ROUND(G64*1.3659,2),2) -> 98.52 | I64: =TRUNC(ROUND(F64*H64,2),2) -> 28620.06
D65: SUB-ITEM 09 | I65: =SUM(I63:I64) -> 28841.82
A67: 9 | D67: REVESTIMENTO DE PAREDES
A68: 9.1 | D68: REVESTIMENTO COM ARGAMASSA
A69: 9.1.1 | B69: 87878 | C69: SINAPI | D69: CHAPISCO APLICADO EM ALVENARIAS E ESTRUTURAS DE CONCRETO INTERNAS, COM COLHER DE PEDREIRO. ARGAMASSA TRAÇO 1:3 COM PREPARO MANUAL. AF_10/2022 | E69: m2 | F69: ='MEMÓRIA DE CÁLCULO'!J156 -> 11.06 | G69: 5.18 | H69: =TRUNC(ROUND(G69*1.3659,2),2) -> 7.08 | I69: =TRUNC(ROUND(F69*H69,2),2) -> 78.3
A70: 9.2 | D70: REVESTIMENTO EMPREGANDO ARGAMASSA DE CIMENTO, CAL E AREIA
A71: 9.2.1 | B71: 104952 | C71: SINAPI | D71: MASSA ÚNICA, EM ARGAMASSA TRAÇO 1:2:8, PREPARO MANUAL, APLICADA MANUALMENTE EM PAREDES INTERNAS DE AMBIENTES COM ÁREA MAIOR QUE 10M², E = 17,5MM, COM TALISCAS. AF_03/2024 | E71: m2 | F71: ='MEMÓRIA DE CÁLCULO'!J163 -> 5.52 | G71: 39.24 | H71: =TRUNC(ROUND(G71*1.3659,2),2) -> 53.6 | I71: =TRUNC(ROUND(F71*H71,2),2) -> 295.87
D72: SUB-ITEM 09 | I72: =SUM(I69:I71) -> 374.17
A74: 10 | D74: PINTURA
A75: 10.1 | D75: SOBRE PAREDES E FORROS
A76: 10.1.1 | B76: 88485 | C76: SINAPI | D76: FUNDO SELADOR ACRÍLICO, APLICAÇÃO MANUAL EM PAREDE, UMA DEMÃO. AF_04/2023 | E76: m2 | F76: ='MEMÓRIA DE CÁLCULO'!J170 -> 2.16 | G76: 4.97 | H76: =TRUNC(ROUND(G76*1.3659,2),2) -> 6.79 | I76: =TRUNC(ROUND(F76*H76,2),2) -> 14.67
A77: 10.1.2 | B77: 88489 | C77: SINAPI | D77: PINTURA LÁTEX ACRÍLICA PREMIUM, APLICAÇÃO MANUAL EM PAREDES, DUAS DEMÃOS. AF_04/2023 | E77: m2 | F77: ='MEMÓRIA DE CÁLCULO'!J179 -> 374.09 | G77: 13.33 | H77: =TRUNC(ROUND(G77*1.3659,2),2) -> 18.21 | I77: =TRUNC(ROUND(F77*H77,2),2) -> 6812.18
A78: 10.2 | D78: SOBRE METAL
A79: 10.2.1 | B79: 100717 | C79: SINAPI | D79: LIXAMENTO MANUAL EM SUPERFÍCIES METÁLICAS EM OBRA. AF_01/2020 | E79: m2 | F79: ='MEMÓRIA DE CÁLCULO'!J193 -> 140.42 | G79: 11.65 | H79: =TRUNC(ROUND(G79*1.3659,2),2) -> 15.91 | I79: =TRUNC(ROUND(F79*H79,2),2) -> 2234.08
A80: 10.2.2 | B80: 100757 | C80: SINAPI | D80: PINTURA COM TINTA ALQUÍDICA DE ACABAMENTO (ESMALTE SINTÉTICO ACETINADO) PULVERIZADA SOBRE SUPERFÍCIES METÁLICAS (EXCETO PERFIL) EXECUTADO EM OBRA (02 DEMÃOS). AF_01/2020_PE | E80: m2 | F80: ='MEMÓRIA DE CÁLCULO'!J208 -> 1024.94 | G80: 57.35 | H80: =TRUNC(ROUND(G80*1.3659,2),2) -> 78.33 | I80: =TRUNC(ROUND(F80*H80,2),2) -> 80283.55
A81: 10.3 | D81: SOBRE PISOS
A82: 10.3.1 | B82: 102506 | C82: SINAPI | D82: PINTURA DE DEMARCAÇÃO DE QUADRA POLIESPORTIVA COM TINTA EPÓXI, E = 5 CM, APLICAÇÃO MANUAL. AF_05/2021 | E82: m | F82: ='MEMÓRIA DE CÁLCULO'!J214 -> 218.44 | G82: 12.66 | H82: =TRUNC(ROUND(G82*1.3659,2),2) -> 17.29 | I82: =TRUNC(ROUND(F82*H82,2),2) -> 3776.83
A83: 10.3.2 | B83: 102494 | C83: SINAPI | D83: PINTURA DE PISO COM TINTA EPÓXI, APLICAÇÃO MANUAL, 2 DEMÃOS, INCLUSO PRIMER EPÓXI. AF_05/2021 | E83: m2 | F83: ='MEMÓRIA DE CÁLCULO'!J220 -> 403.22 | G83: 72.4 | H83: =TRUNC(ROUND(G83*1.3659,2),2) -> 98.89 | I83: =TRUNC(ROUND(F83*H83,2),2) -> 39874.43
A84: 10.3.3 | B84: 102488 | C84: SINAPI | D84: PREPARO DO PISO CIMENTADO PARA PINTURA - LIXAMENTO E LIMPEZA. AF_05/2021 | E84: m2 | F84: ='MEMÓRIA DE CÁLCULO'!J225 -> 414.14 | G84: 4.2 | H84: =TRUNC(ROUND(G84*1.3659,2),2) -> 5.74 | I84: =TRUNC(ROUND(F84*H84,2),2) -> 2377.16
D85: SUB-ITEM 10 | I85: =SUM(I76:I84) -> 135372.9
A87: 11 | D87: SERVIÇOS COMPLEMENTARES
A88: 11.1 | C88: DER-ES | D88: TRATAMENTO, CONSERVAÇÃO E LIMPEZA
A89: 11.1.1 | B89: COMP-03 | D89: PAR DE POSTES E REDE DE VÔLEI - FORNECIMENTO E INSTALAÇÃO. | E89: und | F89: ='MEMÓRIA DE CÁLCULO'!J231 -> 1 | G89: ='COMP-03'!I30 -> 1655.12 | H89: =TRUNC(ROUND(G89*1.3659,2),2) -> 2260.73 | I89: =TRUNC(ROUND(F89*H89,2),2) -> 2260.73
A90: 11.1.2 | B90: COMP-04 | D90: LIMPEZA GERAL DA OBRA (QUADRA, PRAÇAS E JARDINS) | E90: m2 | F90: ='MEMÓRIA DE CÁLCULO'!J236 -> 545.55 | G90: ='COMP-04'!I28 -> 1.76 | H90: =TRUNC(ROUND(G90*1.3659,2),2) -> 2.4 | I90: =TRUNC(ROUND(F90*H90,2),2) -> 1309.32
A91: 11.1.3 | B91: 99814 | C91: SINAPI | D91: LIMPEZA DE SUPERFÍCIE COM JATO DE ALTA PRESSÃO. AF_04/2019 | E91: m2 | F91: ='MEMÓRIA DE CÁLCULO'!J244 -> 979.41 | G91: 2.3 | H91: =TRUNC(ROUND(G91*1.3659,2),2) -> 3.14 | I91: =TRUNC(ROUND(F91*H91,2),2) -> 3075.35
D92: SUB-ITEM 11 | I92: =SUM(I89:I91) -> 6645.4
D94: TOTAL | I94: =SUM(I9:I93)/2 -> 206530.91
A96: Data: 07/05/2025

Sheet RESUMO PO
B1: PREFEITURA MUNICIPAL DE JOÃO NEIVA
B2: PLANILHA ORÇAMENTÁRIA | G2: TABELAS DE REFERÊNCIA: SINAPI/ES - MAR/2025
B3: OBRA: REFORMA DA QUADRA POLIESPORTIVA DO BAIRRO MONTE LÍBANO, JOÃO NEIVA/ES | E3: L. SOCIAIS: | F3: 1.5727
B4: LOCAL: MONTE LÍBANO, JOÃO NEIVA/ES | E4: BDI: | F4: 0.3659 | G4: DER/ES EDIFICAÇÕES - JAN/2025
A6: ITEM | B6: CÓDIGO | C6: ORGÃO | D6: DESCRIÇÃO SERVIÇO | E6: UNIDADE | F6: QUANTIDADE | G6: CUSTO (R$)
G8: UNITÁRIO | H8: UNITÁRIO C/ BDI | I8: TOTAL
A9: 1 | D9: SERVIÇOS PRELIMINARES | I9: =I16 -> 1157.74
A10: 1.1 | D10: DEMOLIÇÕES E REMOÇÕES
A11: 1.1.1 | B11: 97622 | C11: SINAPI | D11: DEMOLIÇÃO DE ALVENARIA DE BLOCO FURADO, DE FORMA MANUAL, SEM REAPROVEITAMENTO. AF_09/2023 | E11: m3 | F11: ='MEMÓRIA DE CÁLCULO'!J12 -> 0.25 | G11: 66.82 | H11: =TRUNC(ROUND(G11*1.3659,2),2) -> 91.27 | I11: =TRUNC(ROUND(F11*H11,2),2) -> 22.82
A12: 1.1.2 | B12: 97631 | C12: SINAPI | D12: DEMOLIÇÃO DE ARGAMASSAS, DE FORMA MANUAL, SEM REAPROVEITAMENTO. AF_09/2023 | E12: m2 | F12: ='MEMÓRIA DE CÁLCULO'!J17 -> 2.16 | G12: 13.49 | H12: =TRUNC(ROUND(G12*1.3659,2),2) -> 18.43 | I12: =TRUNC(ROUND(F12*H12,2),2) -> 39.81
A13: 1.1.3 | B13: 104789 | C13: SINAPI | D13: DEMOLIÇÃO DE PISO DE CONCRETO SIMPLES, DE FORMA MANUAL, SEM REAPROVEITAMENTO. AF_09/2023 | E13: m3 | F13: ='MEMÓRIA DE CÁLCULO'!J22 -> 0.18 | G13: 235.19 | H13: =TRUNC(ROUND(G13*1.3659,2),2) -> 321.25 | I13: =TRUNC(ROUND(F13*H13,2),2) -> 57.83
A14: 1.1.4 | B14: 104803 | C14: SINAPI | D14: REMOÇÃO CALHAS E RUFOS, DE FORMA MANUAL, SEM REAPROVEITAMENTO. AF_09/2023 | E14: m | F14: ='MEMÓRIA DE CÁLCULO'!J27 -> 99.2 | G14: 5.57 | H14: =TRUNC(ROUND(G14*1.3659,2),2) -> 7.61 | I14: =TRUNC(ROUND(F14*H14,2),2) -> 754.91
A15: 1.1.5 | B15: COMP-01 | D15: RETIRADA DE ESQUADRIAS METÁLICAS | E15: m2 | F15: ='MEMÓRIA DE CÁLCULO'!J32 -> 14.54 | G15: ='COMP-01'!I28 -> 14.22 | H15: =TRUNC(ROUND(G15*1.3659,2),2) -> 19.42 | I15: =TRUNC(ROUND(F15*H15,2),2) -> 282.37
D16: SUB-ITEM 01 | I16: =SUM(I11:I15) -> 1157.74
A18: 2 | D18: INSTALAÇÃO DO CANTEIRO DE OBRAS | I18: =I24 -> 13430.41
A19: 2.1 | D19: TAPUMES, BARRACÕES E COBERTURAS
A20: 2.1.1 | B20: 103689 | C20: SINAPI | D20: FORNECIMENTO E INSTALAÇÃO DE PLACA DE OBRA COM CHAPA GALVANIZADA E ESTRUTURA DE MADEIRA. AF_03/2022_PS | E20: m2 | F20: ='MEMÓRIA DE CÁLCULO'!J40 -> 8 | G20: 466.65 | H20: =TRUNC(ROUND(G20*1.3659,2),2) -> 637.4 | I20: =TRUNC(ROUND(F20*H20,2),2) -> 5099.2
A21: 2.1.2 | B21: COMP-02 | D21: LOCAÇÃO DE ANDAIME METALICO PARA TRABALHO EM FACHADA DE EDIFÍCIO (ALUGUEL DE 1M² POR 1 MÊS) INCLUSIVE FRETE, MONTAGEM E DESMONTAGEM | E21: m2 | F21: ='MEMÓRIA DE CÁLCULO'!J45 -> 24 | G21: ='COMP-02'!I28 -> 39.07 | H21: =TRUNC(ROUND(G21*1.3659,2),2) -> 53.37 | I21: =TRUNC(ROUND(F21*H21,2),2) -> 1280.88
A22: 2.1.3 | B22: 010775 | C22: SINAPI | D22: LOCACAO DE CONTAINER 2,30 X 6,00 M, ALT. 2,50 M, COM 1 SANITARIO, PARA ESCRITORIO, COMPLETO, SEM DIVISORIAS INTERNAS (NAO INCLUI MOBILIZACAO/DESMOBILIZACAO) | E22: mês | F22: ='MEMÓRIA DE CÁLCULO'!J50 -> 3 | G22: 1225 | H22: =TRUNC(ROUND(G22*1.3659,2),2) -> 1673.23 | I22: =TRUNC(ROUND(F22*H22,2),2) -> 5019.69
A23: 2.1.4 | B23: 020344 | C23: DER-ES | D23: MOBILIZAÇÃO E DESMOBILIZAÇÃO DE CONTEINER LOCADO PARA BARRACÃO DE OBRA | E23: und | F23: ='MEMÓRIA DE CÁLCULO'!J55 -> 1 | G23: 1486.67 | H23: =TRUNC(ROUND(G23*1.3659,2),2) -> 2030.64 | I23: =TRUNC(ROUND(F23*H23,2),2) -> 2030.64
D24: SUB-ITEM 02 | I24: =SUM(I20:I23) -> 13430.41
A26: 3 | D26: MOVIMENTO DE TERRA | I26: =I33 -> 92.78
A27: 3.1 | D27: ESCAVAÇÕES DE VALAS
A28: 3.1.1 | B28: 96527 | C28: SINAPI | D28: ESCAVAÇÃO MANUAL PARA VIGA BALDRAME OU SAPATA CORRIDA (INCLUINDO ESCAVAÇÃO PARA COLOCAÇÃO DE FÔRMAS). AF_01/2024 | E28: m3 | F28: ='MEMÓRIA DE CÁLCULO'!J62 -> 0.45 | G28: 121.22 | H28: =TRUNC(ROUND(G28*1.3659,2),2) -> 165.57 | I28: =TRUNC(ROUND(F28*H28,2),2) -> 74.51
A29: 3.2 | D29: ATERRO E REATERRO DE VALAS
A30: 3.2.1 | B30: 93382 | C30: SINAPI | D30: REATERRO MANUAL DE VALAS, COM COMPACTADOR DE SOLOS DE PERCUSSÃO. AF_08/2023 | E30: m3 | F30: ='MEMÓRIA DE CÁLCULO'!J70 -> 0.18 | G30: 31.22 | H30: =TRUNC(ROUND(G30*1.3659,2),2) -> 42.64 | I30: =TRUNC(ROUND(F30*H30,2),2) -> 7.68
A31: 3.3 | D31: TRANSPORTES
A32: 3.3.1 | B32: 100984 | C32: SINAPI | D32: CARGA, MANOBRA E DESCARGA DE ENTULHO EM CAMINHÃO BASCULANTE 18 M³ - CARGA COM ESCAVADEIRA HIDRÁULICA (CAÇAMBA DE 0,80 M³ / 111 HP) E DESCARGA LIVRE (UNIDADE: M3). AF_07/2020 | E32: m3 | F32: ='MEMÓRIA DE CÁLCULO'!J79 -> 0.82 | G32: 9.46 | H32: =TRUNC(ROUND(G32*1.3659,2),2) -> 12.92 | I32: =TRUNC(ROUND(F32*H32,2),2) -> 10.59
D33: SUB-ITEM 03 | I33: =SUM(I28:I32) -> 92.78
A35: 4 | D35: ESTRUTURAS | I35: =I42 -> 660.49
A36: 4.1 | D36: LASTROS E FUNDAÇÕES RASAS
A37: 4.1.1 | B37: 96619 | C37: SINAPI | D37: LASTRO DE CONCRETO MAGRO, APLICADO EM BLOCOS DE COROAMENTO OU SAPATAS, ESPESSURA DE 5 CM. AF_01/2024 | E37: m2 | F37: ='MEMÓRIA DE CÁLCULO'!J86 -> 0.77 | G37: 41.06 | H37: =TRUNC(ROUND(G37*1.3659,2),2) -> 56.08 | I37: =TRUNC(ROUND(F37*H37,2),2) -> 43.18
A38: 4.1.2 | B38: 96536 | C38: SINAPI | D38: FABRICAÇÃO, MONTAGEM E DESMONTAGEM DE FÔRMA PARA VIGA BALDRAME, EM MADEIRA SERRADA, E=25 MM, 4 UTILIZAÇÕES. AF_01/2024 | E38: m2 | F38: ='MEMÓRIA DE CÁLCULO'!J91 -> 0.77 | G38: 75.83 | H38: =TRUNC(ROUND(G38*1.3659,2),2) -> 103.58 | I38: =TRUNC(ROUND(F38*H38,2),2) -> 79.76
A39: 4.1.3 | B39: 96555 | C39: SINAPI | D39: CONCRETAGEM DE BLOCO DE COROAMENTO OU VIGA BALDRAME, FCK 30 MPA, COM USO DE JERICA - LANÇAMENTO, ADENSAMENTO E ACABAMENTO. AF_01/2024 | E39: m3 | F39: ='MEMÓRIA DE CÁLCULO'!J96 -> 0.23 | G39: 719.22 | H39: =TRUNC(ROUND(G39*1.3659,2),2) -> 982.38 | I39: =TRUNC(ROUND(F39*H39,2),2) -> 225.95
A40: 4.1.4 | B40: 104918 | C40: SINAPI | D40: ARMAÇÃO DE SAPATA ISOLADA, VIGA BALDRAME E SAPATA CORRIDA UTILIZANDO AÇO CA-50 DE 8 MM - MONTAGEM. AF_01/2024 | E40: kg | F40: ='MEMÓRIA DE CÁLCULO'!J101 -> 9.48 | G40: 16.78 | H40: =TRUNC(ROUND(G40*1.3659,2),2) -> 22.92 | I40: =TRUNC(ROUND(F40*H40,2),2) -> 217.28
A41: 4.1.5 | B41: 104916 | C41: SINAPI | D41: ARMAÇÃO DE SAPATA ISOLADA, VIGA BALDRAME E SAPATA CORRIDA UTILIZANDO AÇO CA-60 DE 5 MM - MONTAGEM. AF_01/2024 | E41: kg | F41: ='MEMÓRIA DE CÁLCULO'!J106 -> 3.53 | G41: 19.56 | H41: =TRUNC(ROUND(G41*1.3659,2),2) -> 26.72 | I41: =TRUNC(ROUND(F41*H41,2),2) -> 94.32
D42: SUB-ITEM 04 | I42: =SUM(I37:I41) -> 660.49
A44: 5 | D44: PAREDES E PAINÉIS | I44: =I47 -> 950.39
A45: 5.1 | D45: ALVENARIA DE VEDAÇÃO EMPREGANDO ARGAMASSA DE CIMENTO, CAL E AREIA
A46: 5.1.1 | B46: 103333 | C46: SINAPI | D46: ALVENARIA DE VEDAÇÃO DE BLOCOS CERÂMICOS FURADOS NA HORIZONTAL DE 9X14X19 CM (ESPESSURA 9 CM) E ARGAMASSA DE ASSENTAMENTO COM PREPARO MANUAL. AF_12/2021 | E46: m2 | F46: ='MEMÓRIA DE CÁLCULO'!J113 -> 5.53 | G46: 125.82 | H46: =TRUNC(ROUND(G46*1.3659,2),2) -> 171.86 | I46: =TRUNC(ROUND(F46*H46,2),2) -> 950.39
D47: SUB-ITEM 05 | I47: =SUM(I46) -> 950.39
A49: 6 | D49: ESQUADRIAS METÁLICAS | I49: =I53 -> 4252.34
A50: 6.1 | D50: GRADES E PORTÕES
A51: 6.1.1 | B51: 100701 | C51: SINAPI | D51: PORTA DE FERRO, DE ABRIR, TIPO GRADE COM CHAPA, COM GUARNIÇÕES. AF_12/2019 | E51: m2 | F51: ='MEMÓRIA DE CÁLCULO'!J120 -> 1.68 | G51: 699.13 | H51: =TRUNC(ROUND(G51*1.3659,2),2) -> 954.94 | I51: =TRUNC(ROUND(F51*H51,2),2) -> 1604.3
A52: 6.1.2 | B52: 102363 | C52: SINAPI | D52: ALAMBRADO PARA QUADRA POLIESPORTIVA, ESTRUTURADO POR TUBOS DE ACO GALVANIZADO, (MONTANTES COM DIAMETRO 2", TRAVESSAS E ESCORAS COM DIÂMETRO 1 ¼"), COM TELA DE ARAME GALVANIZADO, FIO 12 BWG E MALHA QUADRADA 5X5CM (EXCETO MURETA) | E52: m2 | F52: ='MEMÓRIA DE CÁLCULO'!J125 -> 9.01 | G52: 215.17 | H52: =TRUNC(ROUND(G52*1.3659,2),2) -> 293.9 | I52: =TRUNC(ROUND(F52*H52,2),2) -> 2648.04
D53: SUB-ITEM 06 | I53: =SUM(I51:I52) -> 4252.34
A55: 7 | D55: COBERTURA | I55: =I59 -> 14752.47
A56: 7.1 | D56: RUFOS E CALHAS
A57: 7.1.1 | B57: 94229 | C57: SINAPI | D57: CALHA EM CHAPA DE AÇO GALVANIZADO NÚMERO 24, DESENVOLVIMENTO DE 100 CM, INCLUSO TRANSPORTE VERTICAL. AF_07/2019 | E57: m | F57: ='MEMÓRIA DE CÁLCULO'!J132 -> 60.2 | G57: 152.31 | H57: =TRUNC(ROUND(G57*1.3659,2),2) -> 208.04 | I57: =TRUNC(ROUND(F57*H57,2),2) -> 12524.01
A58: 7.1.2 | B58: 89578 | C58: SINAPI | D58: TUBO PVC, SÉRIE R, ÁGUA PLUVIAL, DN 100 MM, FORNECIDO E INSTALADO EM CONDUTORES VERTICAIS DE ÁGUAS PLUVIAIS. AF_06/2022 | E58: m | F58: ='MEMÓRIA DE CÁLCULO'!J137 -> 39 | G58: 41.83 | H58: =TRUNC(ROUND(G58*1.3659,2),2) -> 57.14 | I58: =TRUNC(ROUND(F58*H58,2),2) -> 2228.46
D59: SUB-ITEM 07 | I59: =SUM(I57:I58) -> 14752.47
A61: 8 | D61: IMPERMEABILIZAÇÃO | I61: =I65 -> 28841.82
A62: 8.1 | D62: IMPERMEABILIZAÇÃO CALHAS, LAJES DESCOBERTAS, BALDRAMES, PAREDES E JARDINEIRAS
A63: 8.1.1 | B63: 98557 | C63: SINAPI | D63: IMPERMEABILIZAÇÃO DE SUPERFÍCIE COM EMULSÃO ASFÁLTICA, 2 DEMÃOS. AF_09/2023 | E63: m2 | F63: ='MEMÓRIA DE CÁLCULO'!J144 -> 3.84 | G63: 42.28 | H63: =TRUNC(ROUND(G63*1.3659,2),2) -> 57.75 | I63: =TRUNC(ROUND(F63*H63,2),2) -> 221.76
A64: 8.1.2 | B64: 98575 | C64: SINAPI | D64: TRATAMENTO DE JUNTA DE DILATAÇÃO, COM TARUGO DE POLIETILENO E SELANTE PU, INCLUSO PREENCHIMENTO COM ESPUMA EXPANSIVA PU. AF_09/2023 | E64: m | F64: ='MEMÓRIA DE CÁLCULO'!J149 -> 290.5 | G64: 72.13 | H64: =TRUNC(ROUND(G64*1.3659,2),2) -> 98.52 | I64: =TRUNC(ROUND(F64*H64,2),2) -> 28620.06
D65: SUB-ITEM 08 | I65: =SUM(I63:I64) -> 28841.82
A67: 9 | D67: REVESTIMENTO DE PAREDES | I67: =I72 -> 374.17
A68: 9.1 | D68: REVESTIMENTO COM ARGAMASSA
A69: 9.1.1 | B69: 87878 | C69: SINAPI | D69: CHAPISCO APLICADO EM ALVENARIAS E ESTRUTURAS DE CONCRETO INTERNAS, COM COLHER DE PEDREIRO. ARGAMASSA TRAÇO 1:3 COM PREPARO MANUAL. AF_10/2022 | E69: m2 | F69: ='MEMÓRIA DE CÁLCULO'!J156 -> 11.06 | G69: 5.18 | H69: =TRUNC(ROUND(G69*1.3659,2),2) -> 7.08 | I69: =TRUNC(ROUND(F69*H69,2),2) -> 78.3
A70: 9.2 | D70: REVESTIMENTO EMPREGANDO ARGAMASSA DE CIMENTO, CAL E AREIA
A71: 9.2.1 | B71: 104952 | C71: SINAPI | D71: MASSA ÚNICA, EM ARGAMASSA TRAÇO 1:2:8, PREPARO MANUAL, APLICADA MANUALMENTE EM PAREDES INTERNAS DE AMBIENTES COM ÁREA MAIOR QUE 10M², E = 17,5MM, COM TALISCAS. AF_03/2024 | E71: m2 | F71: ='MEMÓRIA DE CÁLCULO'!J163 -> 5.52 | G71: 39.24 | H71: =TRUNC(ROUND(G71*1.3659,2),2) -> 53.6 | I71: =TRUNC(ROUND(F71*H71,2),2) -> 295.87
D72: SUB-ITEM 09 | I72: =SUM(I69:I71) -> 374.17
A74: 10 | D74: PINTURA | I74: =I85 -> 135372.9
A75: 10.1 | D75: SOBRE PAREDES E FORROS
A76: 10.1.1 | B76: 88485 | C76: SINAPI | D76: FUNDO SELADOR ACRÍLICO, APLICAÇÃO MANUAL EM PAREDE, UMA DEMÃO. AF_04/2023 | E76: m2 | F76: ='MEMÓRIA DE CÁLCULO'!J170 -> 2.16 | G76: 4.97 | H76: =TRUNC(ROUND(G76*1.3659,2),2) -> 6.79 | I76: =TRUNC(ROUND(F76*H76,2),2) -> 14.67
A77: 10.1.2 | B77: 88489 | C77: SINAPI | D77: PINTURA LÁTEX ACRÍLICA PREMIUM, APLICAÇÃO MANUAL EM PAREDES, DUAS DEMÃOS. AF_04/2023 | E77: m2 | F77: ='MEMÓRIA DE CÁLCULO'!J179 -> 374.09 | G77: 13.33 | H77: =TRUNC(ROUND(G77*1.3659,2),2) -> 18.21 | I77: =TRUNC(ROUND(F77*H77,2),2) -> 6812.18
A78: 10.2 | D78: SOBRE METAL
A79: 10.2.1 | B79: 100717 | C79: SINAPI | D79: LIXAMENTO MANUAL EM SUPERFÍCIES METÁLICAS EM OBRA. AF_01/2020 | E79: m2 | F79: ='MEMÓRIA DE CÁLCULO'!J193 -> 140.42 | G79: 11.65 | H79: =TRUNC(ROUND(G79*1.3659,2),2) -> 15.91 | I79: =TRUNC(ROUND(F79*H79,2),2) -> 2234.08
A80: 10.2.2 | B80: 100757 | C80: SINAPI | D80: PINTURA COM TINTA ALQUÍDICA DE ACABAMENTO (ESMALTE SINTÉTICO ACETINADO) PULVERIZADA SOBRE SUPERFÍCIES METÁLICAS (EXCETO PERFIL) EXECUTADO EM OBRA (02 DEMÃOS). AF_01/2020_PE | E80: m2 | F80: ='MEMÓRIA DE CÁLCULO'!J208 -> 1024.94 | G80: 57.35 | H80: =TRUNC(ROUND(G80*1.3659,2),2) -> 78.33 | I80: =TRUNC(ROUND(F80*H80,2),2) -> 80283.55
A81: 10.3 | D81: SOBRE PISOS
A82: 10.3.1 | B82: 102506 | C82: SINAPI | D82: PINTURA DE DEMARCAÇÃO DE QUADRA POLIESPORTIVA COM TINTA EPÓXI, E = 5 CM, APLICAÇÃO MANUAL. AF_05/2021 | E82: m | F82: ='MEMÓRIA DE CÁLCULO'!J214 -> 218.44 | G82: 12.66 | H82: =TRUNC(ROUND(G82*1.3659,2),2) -> 17.29 | I82: =TRUNC(ROUND(F82*H82,2),2) -> 3776.83
A83: 10.3.2 | B83: 102494 | C83: SINAPI | D83: PINTURA DE PISO COM TINTA EPÓXI, APLICAÇÃO MANUAL, 2 DEMÃOS, INCLUSO PRIMER EPÓXI. AF_05/2021 | E83: m2 | F83: ='MEMÓRIA DE CÁLCULO'!J220 -> 403.22 | G83: 72.4 | H83: =TRUNC(ROUND(G83*1.3659,2),2) -> 98.89 | I83: =TRUNC(ROUND(F83*H83,2),2) -> 39874.43
A84: 10.3.3 | B84: 102488 | C84: SINAPI | D84: PREPARO DO PISO CIMENTADO PARA PINTURA - LIXAMENTO E LIMPEZA. AF_05/2021 | E84: m2 | F84: ='MEMÓRIA DE CÁLCULO'!J225 -> 414.14 | G84: 4.2 | H84: =TRUNC(ROUND(G84*1.3659,2),2) -> 5.74 | I84: =TRUNC(ROUND(F84*H84,2),2) -> 2377.16
D85: SUB-ITEM 10 | I85: =SUM(I76:I84) -> 135372.9
A87: 11 | D87: SERVIÇOS COMPLEMENTARES | I87: =I92 -> 6645.4
A88: 11.1 | C88: DER-ES | D88: TRATAMENTO, CONSERVAÇÃO E LIMPEZA
A89: 11.1.1 | B89: COMP-03 | D89: PAR DE POSTES E REDE DE VÔLEI - FORNECIMENTO E INSTALAÇÃO. | E89: und | F89: ='MEMÓRIA DE CÁLCULO'!J231 -> 1 | G89: ='COMP-03'!I30 -> 1655.12 | H89: =TRUNC(ROUND(G89*1.3659,2),2) -> 2260.73 | I89: =TRUNC(ROUND(F89*H89,2),2) -> 2260.73
A90: 11.1.2 | B90: COMP-04 | D90: LIMPEZA GERAL DA OBRA (QUADRA, PRAÇAS E JARDINS) | E90: m2 | F90: ='MEMÓRIA DE CÁLCULO'!J236 -> 545.55 | G90: ='COMP-04'!I28 -> 1.76 | H90: =TRUNC(ROUND(G90*1.3659,2),2) -> 2.4 | I90: =TRUNC(ROUND(F90*H90,2),2) -> 1309.32
A91: 11.1.3 | B91: 99814 | C91: SINAPI | D91: LIMPEZA DE SUPERFÍCIE COM JATO DE ALTA PRESSÃO. AF_04/2019 | E91: m2 | F91: ='MEMÓRIA DE CÁLCULO'!J244 -> 979.41 | G91: 2.3 | H91: =TRUNC(ROUND(G91*1.3659,2),2) -> 3.14 | I91: =TRUNC(ROUND(F91*H91,2),2) -> 3075.35
D92: SUB-ITEM 11 | I92: =SUM(I89:I91) -> 6645.4
D94: TOTAL | I94: =SUM(I9:I93)/3 -> 206530.91
A95: Data: 07/05/2025

Sheet MEMÓRIA DE CÁLCULO
A1: PREFEITURA MUNICIPAL DE JOÃO NEIVA
A2: OBRA: REFORMA DA QUADRA POLIESPORTIVA DO BAIRRO MONTE LÍBANO, JOÃO NEIVA/ES
A3: LOCAL: JOÃO NEIVA/ES
A5: MEMÓRIA DE CÁLCULO
A6: ITEM | B6: DESCRIÇÃO SERVIÇO | C6: UNIDADE | D6: Qnt | E6: C (m) | F6: L (m) | G6: H (m) | H6: A(m2) | I6: V(m3) | J6: QUANT. DO SERVIÇO
A7: ='PLANILHA ORÇAMENTÁRIA'!A9 -> 1 | B7: ='PLANILHA ORÇAMENTÁRIA'!D9 -> SERVIÇOS PRELIMINARES
A8: ='PLANILHA ORÇAMENTÁRIA'!A10 -> 1.1 | B8: ='PLANILHA ORÇAMENTÁRIA'!D10 -> DEMOLIÇÕES E REMOÇÕES
A9: ='PLANILHA ORÇAMENTÁRIA'!A11 -> 1.1.1 | B9: ='PLANILHA ORÇAMENTÁRIA'!D11 -> DEMOLIÇÃO DE ALVENARIA DE BLOCO FURADO, DE FORMA MANUAL, SEM REAPROVEITAMENTO. AF_09/2023 | C9: ='PLANILHA ORÇAMENTÁRIA'!E11 -> m3 | D9: Qnt | E9: C (m) | F9: L (m) | G9: H (m) | H9: A(m2) | I9: V(m3) | J9: QUANT. DO SERVIÇO
B10: Abertura para o portão no muro | E10: 0.8 | F10: 0.15 | G10: 2.1 | I10: =E10*F10*G10 -> 0.252 | J10: =I10 -> 0.252
A12: TOTAL | J12: =ROUND(SUM(J10:J11),2) -> 0.25
A14: ='PLANILHA ORÇAMENTÁRIA'!A12 -> 1.1.2 | B14: ='PLANILHA ORÇAMENTÁRIA'!D12 -> DEMOLIÇÃO DE ARGAMASSAS, DE FORMA MANUAL, SEM REAPROVEITAMENTO. AF_09/2023 | C14: ='PLANILHA ORÇAMENTÁRIA'!E12 -> m2 | D14: Qnt | E14: C (m) | F14: L (m) | G14: H (m) | H14: A(m2) | I14: V(m3) | J14: QUANT. DO SERVIÇO
B15: Canto interno (próximo a cantina) | F15: 2 | G15: 1.08 | H15: =F15*G15 -> 2.16 | J15: =H15 -> 2.16
A17: TOTAL | J17: =ROUND(SUM(J15:J16),2) -> 2.16
A19: ='PLANILHA ORÇAMENTÁRIA'!A13 -> 1.1.3 | B19: ='PLANILHA ORÇAMENTÁRIA'!D13 -> DEMOLIÇÃO DE PISO DE CONCRETO SIMPLES, DE FORMA MANUAL, SEM REAPROVEITAMENTO. AF_09/2023 | C19: ='PLANILHA ORÇAMENTÁRIA'!E13 -> m3 | D19: Qnt | E19: C (m) | F19: L (m) | G19: H (m) | H19: A(m2) | I19: V(m3) | J19: QUANT. DO SERVIÇO
B20: Piso quadra (Vão do portão metálico) | E20: 5.12 | F20: 0.35 | G20: 0.1 | I20: =E20*F20*G20 -> 0.1792 | J20: =I20 -> 0.1792
A22: TOTAL | J22: =ROUND(SUM(J20:J21),2) -> 0.18
A24: ='PLANILHA ORÇAMENTÁRIA'!A14 -> 1.1.4 | B24: ='PLANILHA ORÇAMENTÁRIA'!D14 -> REMOÇÃO CALHAS E RUFOS, DE FORMA MANUAL, SEM REAPROVEITAMENTO. AF_09/2023 | C24: ='PLANILHA ORÇAMENTÁRIA'!E14 -> m | D24: Qnt | E24: C (m) | F24: L (m) | G24: H (m) | H24: A(m2) | I24: V(m3) | J24: QUANT. DO SERVIÇO
B25: Calhas cobertura | D25: 2 | E25: 30.1 | J25: =D25*E25 -> 60.2
B26: Descidas | D26: 6 | E26: 6.5 | J26: =D26*E26 -> 39
A27: TOTAL | J27: =ROUND(SUM(J25:J26),2) -> 99.2
A29: ='PLANILHA ORÇAMENTÁRIA'!A15 -> 1.1.5 | B29: ='PLANILHA ORÇAMENTÁRIA'!D15 -> RETIRADA DE ESQUADRIAS METÁLICAS | C29: ='PLANILHA ORÇAMENTÁRIA'!E15 -> m2 | D29: Qnt | E29: C (m) | F29: L (m) | G29: H (m) | H29: A(m2) | I29: V(m3) | J29: QUANT. DO SERVIÇO
B30: Portão metálico de correr | E30: 5.12 | G30: 2.84 | H30: =E30*G30 -> 14.5408 | J30: =H30 -> 14.5408
A32: TOTAL | J32: =ROUND(SUM(J30:J31),2) -> 14.54
A35: ='PLANILHA ORÇAMENTÁRIA'!A18 -> 2 | B35: ='PLANILHA ORÇAMENTÁRIA'!D18 -> INSTALAÇÃO DO CANTEIRO DE OBRAS
A36: ='PLANILHA ORÇAMENTÁRIA'!A19 -> 2.1 | B36: ='PLANILHA ORÇAMENTÁRIA'!D19 -> TAPUMES, BARRACÕES E COBERTURAS
A37: ='PLANILHA ORÇAMENTÁRIA'!A20 -> 2.1.1 | B37: ='PLANILHA ORÇAMENTÁRIA'!D20 -> FORNECIMENTO E INSTALAÇÃO DE PLACA DE OBRA COM CHAPA GALVANIZADA E ESTRUTURA DE MADEIRA. AF_03/2022_PS | C37: ='PLANILHA ORÇAMENTÁRIA'!E20 -> m2 | D37: Qnt | E37: C (m) | F37: L (m) | G37: H (m) | H37: A(m2) | I37: V(m3) | J37: QUANT. DO SERVIÇO
F38: 4 | G38: 2 | H38: =F38*G38 -> 8 | J38: =H38 -> 8
A40: TOTAL | J40: =ROUND(SUM(J38:J39),2) -> 8
A42: ='PLANILHA ORÇAMENTÁRIA'!A21 -> 2.1.2 | B42: ='PLANILHA ORÇAMENTÁRIA'!D21 -> LOCAÇÃO DE ANDAIME METALICO PARA TRABALHO EM FACHADA DE EDIFÍCIO (ALUGUEL DE 1M² POR 1 MÊS) INCLUSIVE FRETE, MONTAGEM E DESMONTAGEM | C42: ='PLANILHA ORÇAMENTÁRIA'!E21 -> m2 | D42: Qnt | E42: C (m) | F42: L (m) | G42: H (m) | H42: A(m2) | I42: V(m3) | J42: QUANT. DO SERVIÇO
C43: 2 | D43: 3 | E43: 2 | F43: 2 | H43: =C43*D43*E43*F43 -> 24 | J43: =H43 -> 24
A45: TOTAL | J45: =ROUND(SUM(J43:J44),2) -> 24
A47: ='PLANILHA ORÇAMENTÁRIA'!A22 -> 2.1.3 | B47: ='PLANILHA ORÇAMENTÁRIA'!D22 -> LOCACAO DE CONTAINER 2,30 X 6,00 M, ALT. 2,50 M, COM 1 SANITARIO, PARA ESCRITORIO, COMPLETO, SEM DIVISORIAS INTERNAS (NAO INCLUI MOBILIZACAO/DESMOBILIZACAO) | C47: ='PLANILHA ORÇAMENTÁRIA'!E22 -> mês | D47: Qnt | E47: C (m) | F47: L (m) | G47: H (m) | H47: A(m2) | I47: V(m3) | J47: QUANT. DO SERVIÇO
D48: 3 | J48: =D48 -> 3
A50: TOTAL | J50: =ROUND(SUM(J48:J49),2) -> 3
A52: ='PLANILHA ORÇAMENTÁRIA'!A23 -> 2.1.4 | B52: ='PLANILHA ORÇAMENTÁRIA'!D23 -> MOBILIZAÇÃO E DESMOBILIZAÇÃO DE CONTEINER LOCADO PARA BARRACÃO DE OBRA | C52: ='PLANILHA ORÇAMENTÁRIA'!E23 -> und | D52: Qnt | E52: C (m) | F52: L (m) | G52: H (m) | H52: A(m2) | I52: V(m3) | J52: QUANT. DO SERVIÇO
D53: 1 | J53: =D53 -> 1
A55: TOTAL | J55: =ROUND(SUM(J53:J54),2) -> 1
A57: ='PLANILHA ORÇAMENTÁRIA'!A26 -> 3 | B57: ='PLANILHA ORÇAMENTÁRIA'!D26 -> MOVIMENTO DE TERRA
A58: ='PLANILHA ORÇAMENTÁRIA'!A27 -> 3.1 | B58: ='PLANILHA ORÇAMENTÁRIA'!D27 -> ESCAVAÇÕES DE VALAS
A59: ='PLANILHA ORÇAMENTÁRIA'!A28 -> 3.1.1 | B59: ='PLANILHA ORÇAMENTÁRIA'!D28 -> ESCAVAÇÃO MANUAL PARA VIGA BALDRAME OU SAPATA CORRIDA (INCLUINDO ESCAVAÇÃO PARA COLOCAÇÃO DE FÔRMAS). AF_01/2024 | C59: ='PLANILHA ORÇAMENTÁRIA'!E28 -> m3 | D59: Qnt | E59: C (m) | F59: L (m) | G59: H (m) | H59: A(m2) | I59: V(m3) | J59: QUANT. DO SERVIÇO
E60: 5.12 | F60: 0.35 | G60: 0.25 | I60: =E60*F60*G60 -> 0.448 | J60: =I60 -> 0.448
A62: TOTAL | J62: =ROUND(SUM(J60:J61),2) -> 0.45
A64: ='PLANILHA ORÇAMENTÁRIA'!A29 -> 3.2 | B64: ='PLANILHA ORÇAMENTÁRIA'!D29 -> ATERRO E REATERRO DE VALAS
A65: ='PLANILHA ORÇAMENTÁRIA'!A30 -> 3.2.1 | B65: ='PLANILHA ORÇAMENTÁRIA'!D30 -> REATERRO MANUAL DE VALAS, COM COMPACTADOR DE SOLOS DE PERCUSSÃO. AF_08/2023 | C65: ='PLANILHA ORÇAMENTÁRIA'!E30 -> m3 | D65: Qnt | E65: C (m) | F65: L (m) | G65: H (m) | H65: A(m2) | I65: V(m3) | J65: QUANT. DO SERVIÇO
B66: Reaterro = Volume de escavação - (Volume do concreto magro + Volume concreto baldrame)
B67: Volume de escavação | I67: =J62 -> 0.45
B68: Volume concreto magro | I68: =5.12*0.15*0.05 -> 0.0384
B69: Volume baldrame | I69: =J96 -> 0.23
A70: TOTAL | J70: =ROUND(I67-(I68+I69),2) -> 0.18
A72: ='PLANILHA ORÇAMENTÁRIA'!A31 -> 3.3 | B72: ='PLANILHA ORÇAMENTÁRIA'!D31 -> TRANSPORTES
A73: ='PLANILHA ORÇAMENTÁRIA'!A32 -> 3.3.1 | B73: ='PLANILHA ORÇAMENTÁRIA'!D32 -> CARGA, MANOBRA E DESCARGA DE ENTULHO EM CAMINHÃO BASCULANTE 18 M³ - CARGA COM ESCAVADEIRA HIDRÁULICA (CAÇAMBA DE 0,80 M³ / 111 HP) E DESCARGA LIVRE (UNIDADE: M3). AF_07/2020 | C73: ='PLANILHA ORÇAMENTÁRIA'!E32 -> m3 | D73: Qnt | E73: C (m) | F73: L (m) | G73: H (m) | H73: A(m2) | I73: V(m3) | J73: QUANT. DO SERVIÇO
B74: Demolição de alvenaria | I74: =J12 -> 0.25 | J74: =I74 -> 0.25
B75: Demolição de argamassas | F75: 0.02 | H75: =J17 -> 2.16 | J75: =F75*H75 -> 0.0432
B76: Demolição de piso de concreto simples | I76: =J22 -> 0.18 | J76: =I76 -> 0.18
B77: Volume de escavação excedente (*Considerando empolamento de 30%) | I77: =(J62-J70)*1.3 -> 0.351 | J77: =I77 -> 0.351
A79: TOTAL | J79: =ROUND(SUM(J74:J78),2) -> 0.82
A81: ='PLANILHA ORÇAMENTÁRIA'!A35 -> 4 | B81: ='PLANILHA ORÇAMENTÁRIA'!D35 -> ESTRUTURAS
A82: ='PLANILHA ORÇAMENTÁRIA'!A36 -> 4.1 | B82: ='PLANILHA ORÇAMENTÁRIA'!D36 -> LASTROS E FUNDAÇÕES RASAS
A83: ='PLANILHA ORÇAMENTÁRIA'!A37 -> 4.1.1 | B83: ='PLANILHA ORÇAMENTÁRIA'!D37 -> LASTRO DE CONCRETO MAGRO, APLICADO EM BLOCOS DE COROAMENTO OU SAPATAS, ESPESSURA DE 5 CM. AF_01/2024 | C83: ='PLANILHA ORÇAMENTÁRIA'!E37 -> m2 | D83: Qnt | E83: C (m) | F83: L (m) | G83: H (m) | H83: A(m2) | I83: V(m3) | J83: QUANT. DO SERVIÇO
B84: Viga baldrame | E84: 5.12 | F84: 0.15 | H84: =E84*F84 -> 0.768 | J84: =H84 -> 0.768
A86: TOTAL | J86: =ROUND(J84,2) -> 0.77
A88: ='PLANILHA ORÇAMENTÁRIA'!A38 -> 4.1.2 | B88: ='PLANILHA ORÇAMENTÁRIA'!D38 -> FABRICAÇÃO, MONTAGEM E DESMONTAGEM DE FÔRMA PARA VIGA BALDRAME, EM MADEIRA SERRADA, E=25 MM, 4 UTILIZAÇÕES. AF_01/2024 | C88: ='PLANILHA ORÇAMENTÁRIA'!E38 -> m2 | D88: Qnt | E88: C (m) | F88: L (m) | G88: H (m) | H88: A(m2) | I88: V(m3) | J88: QUANT. DO SERVIÇO
B89: Viga baldrame | E89: 5.12 | F89: 0.15 | H89: =E89*F89 -> 0.768 | J89: =H89 -> 0.768
A91: TOTAL | J91: =ROUND(J89,2) -> 0.77
A93: ='PLANILHA ORÇAMENTÁRIA'!A39 -> 4.1.3 | B93: ='PLANILHA ORÇAMENTÁRIA'!D39 -> CONCRETAGEM DE BLOCO DE COROAMENTO OU VIGA BALDRAME, FCK 30 MPA, COM USO DE JERICA - LANÇAMENTO, ADENSAMENTO E ACABAMENTO. AF_01/2024 | C93: ='PLANILHA ORÇAMENTÁRIA'!E39 -> m3 | D93: Qnt | E93: C (m) | F93: L (m) | G93: H (m) | H93: A(m2) | I93: V(m3) | J93: QUANT. DO SERVIÇO
B94: Viga baldrame | E94: 5.12 | F94: 0.15 | G94: 0.3 | I94: =E94*F94*G94 -> 0.2304 | J94: =I94 -> 0.2304
A96: TOTAL | J96: =ROUND(SUM(J94:J95),2) -> 0.23
A98: ='PLANILHA ORÇAMENTÁRIA'!A40 -> 4.1.4 | B98: ='PLANILHA ORÇAMENTÁRIA'!D40 -> ARMAÇÃO DE SAPATA ISOLADA, VIGA BALDRAME E SAPATA CORRIDA UTILIZANDO AÇO CA-50 DE 8 MM - MONTAGEM. AF_01/2024 | C98: ='PLANILHA ORÇAMENTÁRIA'!E40 -> kg | D98: Qnt | E98: Qtd de barras | F98: C (m) | G98: H (m) | H98: Total (m) | I98: Massa nominal (kg/m) | J98: QUANT. DO SERVIÇO
B99: Viga baldrame | F99: =4*6 -> 24 | I99: 0.395 | J99: =F99*I99 -> 9.48
A101: TOTAL | J101: =ROUND(J99,2) -> 9.48
A103: ='PLANILHA ORÇAMENTÁRIA'!A41 -> 4.1.5 | B103: ='PLANILHA ORÇAMENTÁRIA'!D41 -> ARMAÇÃO DE SAPATA ISOLADA, VIGA BALDRAME E SAPATA CORRIDA UTILIZANDO AÇO CA-60 DE 5 MM - MONTAGEM. AF_01/2024 | C103: ='PLANILHA ORÇAMENTÁRIA'!E41 -> kg | D103: Qnt | E103: Qtd de barras | F103: C (m) | G103: H (m) | H103: Total (m) | I103: Massa nominal (kg/m) | J103: QUANT. DO SERVIÇO
B104: Viga baldrame | F104: 18 | I104: 0.196 | J104: =F104*I104 -> 3.528
A106: TOTAL | J106: =ROUND(SUM(J104:J105),2) -> 3.53
A108: ='PLANILHA ORÇAMENTÁRIA'!A44 -> 5 | B108: ='PLANILHA ORÇAMENTÁRIA'!D44 -> PAREDES E PAINÉIS
A109: ='PLANILHA ORÇAMENTÁRIA'!A45 -> 5.1 | B109: ='PLANILHA ORÇAMENTÁRIA'!D45 -> ALVENARIA DE VEDAÇÃO EMPREGANDO ARGAMASSA DE CIMENTO, CAL E AREIA
A110: ='PLANILHA ORÇAMENTÁRIA'!A46 -> 5.1.1 | B110: ='PLANILHA ORÇAMENTÁRIA'!D46 -> ALVENARIA DE VEDAÇÃO DE BLOCOS CERÂMICOS FURADOS NA HORIZONTAL DE 9X14X19 CM (ESPESSURA 9 CM) E ARGAMASSA DE ASSENTAMENTO COM PREPARO MANUAL. AF_12/2021 | C110: ='PLANILHA ORÇAMENTÁRIA'!E46 -> m2 | D110: Qnt | E110: C (m) | F110: L (m) | G110: H (m) | H110: A(m2) | I110: V(m3) | J110: QUANT. DO SERVIÇO
B111: Mureta h = 1,08m | E111: 5.12 | G111: 1.08 | H111: =G111*E111 -> 5.5296 | J111: =H111 -> 5.5296
A113: TOTAL | J113: =ROUND(J111,2) -> 5.53
A115: ='PLANILHA ORÇAMENTÁRIA'!A49 -> 6 | B115: ='PLANILHA ORÇAMENTÁRIA'!D49 -> ESQUADRIAS METÁLICAS
A116: ='PLANILHA ORÇAMENTÁRIA'!A50 -> 6.1 | B116: ='PLANILHA ORÇAMENTÁRIA'!D50 -> GRADES E PORTÕES
A117: ='PLANILHA ORÇAMENTÁRIA'!A51 -> 6.1.1 | B117: ='PLANILHA ORÇAMENTÁRIA'!D51 -> PORTA DE FERRO, DE ABRIR, TIPO GRADE COM CHAPA, COM GUARNIÇÕES. AF_12/2019 | C117: ='PLANILHA ORÇAMENTÁRIA'!E51 -> m2 | D117: Qnt | E117: C (m) | F117: C (m) | G117: H (m) | H117: A(m2) | I117: V(m3) | J117: QUANT. DO SERVIÇO
B118: Portão fundos | F118: 0.8 | G118: 2.1 | H118: =F118*G118 -> 1.68 | J118: =H118 -> 1.68
A120: TOTAL | J120: =ROUND(SUM(J118:J119),2) -> 1.68
A122: ='PLANILHA ORÇAMENTÁRIA'!A52 -> 6.1.2 | B122: ='PLANILHA ORÇAMENTÁRIA'!D52 -> ALAMBRADO PARA QUADRA POLIESPORTIVA, ESTRUTURADO POR TUBOS DE ACO GALVANIZADO, (MONTANTES COM DIAMETRO 2", TRAVESSAS E ESCORAS COM DIÂMETRO 1 ¼"), COM TELA DE ARAME GALVANIZADO, FIO 12 BWG E MALHA QUADRADA 5X5CM (EXCETO MURETA) | C122: ='PLANILHA ORÇAMENTÁRIA'!E52 -> m2 | D122: Qnt | E122: C (m) | F122: C (m) | G122: H (m) | H122: A(m2) | I122: V(m3) | J122: QUANT. DO SERVIÇO
B123: Fechamento vão portão metálico | E123: 5.12 | G123: 1.76 | H123: =E123*G123 -> 9.0112 | J123: =H123 -> 9.0112
A125: TOTAL | J125: =ROUND(SUM(J123:J124),2) -> 9.01
A127: ='PLANILHA ORÇAMENTÁRIA'!A55 -> 7 | B127: ='PLANILHA ORÇAMENTÁRIA'!D55 -> COBERTURA
A128: ='PLANILHA ORÇAMENTÁRIA'!A56 -> 7.1 | B128: ='PLANILHA ORÇAMENTÁRIA'!D56 -> RUFOS E CALHAS
A129: ='PLANILHA ORÇAMENTÁRIA'!A57 -> 7.1.1 | B129: ='PLANILHA ORÇAMENTÁRIA'!D57 -> CALHA EM CHAPA DE AÇO GALVANIZADO NÚMERO 24, DESENVOLVIMENTO DE 100 CM, INCLUSO TRANSPORTE VERTICAL. AF_07/2019 | C129: ='PLANILHA ORÇAMENTÁRIA'!E57 -> m | D129: Qnt | E129: C (m) | F129: L (m) | G129: H (m) | H129: A(m2) | I129: V(m3) | J129: QUANT. DO SERVIÇO
B130: Calhas cobertura | D130: 2 | E130: 30.1 | J130: =D130*E130 -> 60.2
A132: TOTAL | J132: =ROUND(SUM(J130:J131),2) -> 60.2
A134: ='PLANILHA ORÇAMENTÁRIA'!A58 -> 7.1.2 | B134: ='PLANILHA ORÇAMENTÁRIA'!D58 -> TUBO PVC, SÉRIE R, ÁGUA PLUVIAL, DN 100 MM, FORNECIDO E INSTALADO EM CONDUTORES VERTICAIS DE ÁGUAS PLUVIAIS. AF_06/2022 | C134: ='PLANILHA ORÇAMENTÁRIA'!E58 -> m | D134: Qnt | E134: C (m) | F134: L (m) | G134: H (m) | H134: A(m2) | I134: V(m3) | J134: QUANT. DO SERVIÇO
B135: Descidas Calha | D135: 6 | E135: 6.5 | J135: =D135*E135 -> 39
A137: TOTAL | J137: =ROUND(SUM(J135:J136),2) -> 39
A139: ='PLANILHA ORÇAMENTÁRIA'!A61 -> 8 | B139: ='PLANILHA ORÇAMENTÁRIA'!D61 -> IMPERMEABILIZAÇÃO
A140: ='PLANILHA ORÇAMENTÁRIA'!A62 -> 8.1 | B140: ='PLANILHA ORÇAMENTÁRIA'!D62 -> IMPERMEABILIZAÇÃO CALHAS, LAJES DESCOBERTAS, BALDRAMES, PAREDES E JARDINEIRAS
A141: ='PLANILHA ORÇAMENTÁRIA'!A63 -> 8.1.1 | B141: ='PLANILHA ORÇAMENTÁRIA'!D63 -> IMPERMEABILIZAÇÃO DE SUPERFÍCIE COM EMULSÃO ASFÁLTICA, 2 DEMÃOS. AF_09/2023 | C141: ='PLANILHA ORÇAMENTÁRIA'!E63 -> m2 | D141: Qnt | E141: C (m) | F141: L (m) | G141: H (m) | H141: A(m2) | I141: V(m3) | J141: QUANT. DO SERVIÇO
B142: Viga Baldrame | E142: 5.12 | F142: =0.3+0.15+0.3 -> 0.75 | H142: =E142*F142 -> 3.84 | J142: =H142 -> 3.84
A144: TOTAL | J144: =ROUND(SUM(J142:J143),2) -> 3.84
A146: ='PLANILHA ORÇAMENTÁRIA'!A64 -> 8.1.2 | B146: ='PLANILHA ORÇAMENTÁRIA'!D64 -> TRATAMENTO DE JUNTA DE DILATAÇÃO, COM TARUGO DE POLIETILENO E SELANTE PU, INCLUSO PREENCHIMENTO COM ESPUMA EXPANSIVA PU. AF_09/2023 | C146: ='PLANILHA ORÇAMENTÁRIA'!E64 -> m | D146: Qnt | E146: C (m) | F146: L (m) | G146: H (m) | H146: A(m2) | I146: V(m3) | J146: QUANT. DO SERVIÇO
...

Sheet CURVA ABC
B1: PREFEITURA MUNICIPAL DE JOÃO NEIVA
B2: CURVA ABC
B3: OBRA: REFORMA DA QUADRA POLIESPORTIVA DO BAIRRO MONTE LÍBANO, JOÃO NEIVA/ES
B4: LOCAL: JOÃO NEIVA/ES
A6: ITEM | B6: CÓDIGO | C6: ORGÃO | D6: DESCRIÇÃO SERVIÇO | E6: UNIDADE | F6: QUANTIDADE | I6: TOTAL | J6: CURVA | K6: %
A7: 10.2.2 | B7: 100757 | C7: SINAPI | D7: PINTURA COM TINTA ALQUÍDICA DE ACABAMENTO (ESMALTE SINTÉTICO ACETINADO) PULVERIZADA SOBRE SUPERFÍCIES METÁLICAS (EXCETO PERFIL) EXECUTADO EM OBRA (02 DEMÃOS). AF_01/2020_PE | E7: m2 | F7: ='MEMÓRIA DE CÁLCULO'!J208 -> 1024.94 | G7: 58.49 | H7: =TRUNC(ROUND(G7*1.3659,2),2) -> 79.89 | I7: =TRUNC(ROUND(F7*H7,2),2) -> 81882.46 | J7: A | K7: =I7/'PLANILHA ORÇAMENTÁRIA'!$I$94 -> 0.39646588
A8: 10.3.2 | B8: 102494 | C8: SINAPI | D8: PINTURA DE PISO COM TINTA EPÓXI, APLICAÇÃO MANUAL, 2 DEMÃOS, INCLUSO PRIMER EPÓXI. AF_05/2021 | E8: m2 | F8: ='MEMÓRIA DE CÁLCULO'!J220 -> 403.22 | G8: 72.4 | H8: =TRUNC(ROUND(G8*1.3659,2),2) -> 98.89 | I8: =TRUNC(ROUND(F8*H8,2),2) -> 39874.43 | J8: A | K8: =I8/'PLANILHA ORÇAMENTÁRIA'!$I$94 -> 0.19306761
A9: 8.1.2 | B9: 98575 | C9: SINAPI | D9: TRATAMENTO DE JUNTA DE DILATAÇÃO, COM TARUGO DE POLIETILENO E SELANTE PU, INCLUSO PREENCHIMENTO COM ESPUMA EXPANSIVA PU. AF_09/2023 | E9: m | F9: ='MEMÓRIA DE CÁLCULO'!J149 -> 290.5 | G9: 72.13 | H9: =TRUNC(ROUND(G9*1.3659,2),2) -> 98.52 | I9: =TRUNC(ROUND(F9*H9,2),2) -> 28620.06 | J9: A | K9: =I9/'PLANILHA ORÇAMENTÁRIA'!$I$94 -> 0.13857519
A10: 7.1.1 | B10: 94229 | C10: SINAPI | D10: CALHA EM CHAPA DE AÇO GALVANIZADO NÚMERO 24, DESENVOLVIMENTO DE 100 CM, INCLUSO TRANSPORTE VERTICAL. AF_07/2019 | E10: m | F10: ='MEMÓRIA DE CÁLCULO'!J132 -> 60.2 | G10: 152.31 | H10: =TRUNC(ROUND(G10*1.3659,2),2) -> 208.04 | I10: =TRUNC(ROUND(F10*H10,2),2) -> 12524.01 | J10: A | K10: =I10/'PLANILHA ORÇAMENTÁRIA'!$I$94 -> 0.060639882
A11: 10.1.2 | B11: 88489 | C11: SINAPI | D11: PINTURA LÁTEX ACRÍLICA PREMIUM, APLICAÇÃO MANUAL EM PAREDES, DUAS DEMÃOS. AF_04/2023 | E11: m2 | F11: ='MEMÓRIA DE CÁLCULO'!J179 -> 374.09 | G11: 13.33 | H11: =TRUNC(ROUND(G11*1.3659,2),2) -> 18.21 | I11: =TRUNC(ROUND(F11*H11,2),2) -> 6812.18 | J11: A | K11: =I11/'PLANILHA ORÇAMENTÁRIA'!$I$94 -> 0.032983828
A12: 2.1.1 | B12: 103689 | C12: SINAPI | D12: FORNECIMENTO E INSTALAÇÃO DE PLACA DE OBRA COM CHAPA GALVANIZADA E ESTRUTURA DE MADEIRA. AF_03/2022_PS | E12: m2 | F12: ='MEMÓRIA DE CÁLCULO'!J40 -> 8 | G12: 466.65 | H12: =TRUNC(ROUND(G12*1.3659,2),2) -> 637.4 | I12: =TRUNC(ROUND(F12*H12,2),2) -> 5099.2 | J12: A | K12: =I12/'PLANILHA ORÇAMENTÁRIA'!$I$94 -> 0.024689767
A13: 2.1.3 | B13: 010775 | C13: SINAPI | D13: LOCACAO DE CONTAINER 2,30 X 6,00 M, ALT. 2,50 M, COM 1 SANITARIO, PARA ESCRITORIO, COMPLETO, SEM DIVISORIAS INTERNAS (NAO INCLUI MOBILIZACAO/DESMOBILIZACAO) | E13: mês | F13: ='MEMÓRIA DE CÁLCULO'!J50 -> 3 | G13: 1225 | H13: =TRUNC(ROUND(G13*1.3659,2),2) -> 1673.23 | I13: =TRUNC(ROUND(F13*H13,2),2) -> 5019.69 | J13: A | K13: =I13/'PLANILHA ORÇAMENTÁRIA'!$I$94 -> 0.024304788
A14: 11.1.2 | B14: 99814 | C14: SINAPI | D14: LIMPEZA DE SUPERFÍCIE COM JATO DE ALTA PRESSÃO. AF_04/2019 | E14: m2 | F14: ='MEMÓRIA DE CÁLCULO'!J244 -> 979.41 | G14: 2.3 | H14: =TRUNC(ROUND(G14*1.3659,2),2) -> 3.14 | I14: =TRUNC(ROUND(F14*H14,2),2) -> 3075.35 | J14: B | K14: =I14/'PLANILHA ORÇAMENTÁRIA'!$I$94 -> 0.014890507
A15: 6.1.2 | B15: 102363 | C15: SINAPI | D15: ALAMBRADO PARA QUADRA POLIESPORTIVA, ESTRUTURADO POR TUBOS DE ACO GALVANIZADO, (MONTANTES COM DIAMETRO 2", TRAVESSAS E ESCORAS COM DIÂMETRO 1 ¼"), COM TELA DE ARAME GALVANIZADO, FIO 12 BWG E MALHA QUADRADA 5X5CM (EXCETO MURETA) | E15: m2 | F15: ='MEMÓRIA DE CÁLCULO'!J125 -> 9.01 | G15: 215.17 | H15: =TRUNC(ROUND(G15*1.3659,2),2) -> 293.9 | I15: =TRUNC(ROUND(F15*H15,2),2) -> 2648.04 | J15: B | K15: =I15/'PLANILHA ORÇAMENTÁRIA'!$I$94 -> 0.012821519
A16: 10.3.1 | B16: 102506 | C16: SINAPI | D16: PINTURA DE DEMARCAÇÃO DE QUADRA POLIESPORTIVA COM TINTA EPÓXI, E = 5 CM, APLICAÇÃO MANUAL. AF_05/2021 | E16: m | F16: ='MEMÓRIA DE CÁLCULO'!J214 -> 218.44 | G16: 12.66 | H16: =TRUNC(ROUND(G16*1.3659,2),2) -> 17.29 | I16: =TRUNC(ROUND(F16*H16,2),2) -> 3776.83 | J16: B | K16: =I16/'PLANILHA ORÇAMENTÁRIA'!$I$94 -> 0.018286996
A17: 10.3.3 | B17: 102488 | C17: SINAPI | D17: PREPARO DO PISO CIMENTADO PARA PINTURA - LIXAMENTO E LIMPEZA. AF_05/2021 | E17: m2 | F17: ='MEMÓRIA DE CÁLCULO'!J225 -> 414.14 | G17: 4.2 | H17: =TRUNC(ROUND(G17*1.3659,2),2) -> 5.74 | I17: =TRUNC(ROUND(F17*H17,2),2) -> 2377.16 | J17: B | K17: =I17/'PLANILHA ORÇAMENTÁRIA'!$I$94 -> 0.011509948
A18: 10.2.1 | B18: 100717 | C18: SINAPI | D18: LIXAMENTO MANUAL EM SUPERFÍCIES METÁLICAS EM OBRA. AF_01/2020 | E18: m2 | F18: ='MEMÓRIA DE CÁLCULO'!J193 -> 140.42 | G18: 11.65 | H18: =TRUNC(ROUND(G18*1.3659,2),2) -> 15.91 | I18: =TRUNC(ROUND(F18*H18,2),2) -> 2234.08 | J18: B | K18: =I18/'PLANILHA ORÇAMENTÁRIA'!$I$94 -> 0.01081717
A19: 7.1.2 | B19: 89578 | C19: SINAPI | D19: TUBO PVC, SÉRIE R, ÁGUA PLUVIAL, DN 100 MM, FORNECIDO E INSTALADO EM CONDUTORES VERTICAIS DE ÁGUAS PLUVIAIS. AF_06/2022 | E19: m | F19: ='MEMÓRIA DE CÁLCULO'!J137 -> 39 | G19: 41.83 | H19: =TRUNC(ROUND(G19*1.3659,2),2) -> 57.14 | I19: =TRUNC(ROUND(F19*H19,2),2) -> 2228.46 | J19: B | K19: =I19/'PLANILHA ORÇAMENTÁRIA'!$I$94 -> 0.010789959
A20: 2.1.4 | B20: 020344 | C20: DER-ES | D20: MOBILIZAÇÃO E DESMOBILIZAÇÃO DE CONTEINER LOCADO PARA BARRACÃO DE OBRA | E20: und | F20: ='MEMÓRIA DE CÁLCULO'!J55 -> 1 | G20: 1486.67 | H20: =TRUNC(ROUND(G20*1.3659,2),2) -> 2030.64 | I20: =TRUNC(ROUND(F20*H20,2),2) -> 2030.64 | J20: B | K20: =I20/'PLANILHA ORÇAMENTÁRIA'!$I$94 -> 0.009832136
A21: 6.1.1 | B21: 100701 | C21: SINAPI | D21: PORTA DE FERRO, DE ABRIR, TIPO GRADE COM CHAPA, COM GUARNIÇÕES. AF_12/2019 | E21: m2 | F21: ='MEMÓRIA DE CÁLCULO'!J120 -> 1.68 | G21: 699.13 | H21: =TRUNC(ROUND(G21*1.3659,2),2) -> 954.94 | I21: =TRUNC(ROUND(F21*H21,2),2) -> 1604.3 | J21: B | K21: =I21/'PLANILHA ORÇAMENTÁRIA'!$I$94 -> 0.0077678445
A22: 11.1.1 | B22: COMP-03 | D22: LIMPEZA GERAL DA OBRA (QUADRA, PRAÇAS E JARDINS) | E22: m2 | F22: ='MEMÓRIA DE CÁLCULO'!J236 -> 545.55 | G22: ='COMP-04'!I28 -> 1.76 | H22: =TRUNC(ROUND(G22*1.3659,2),2) -> 2.4 | I22: =TRUNC(ROUND(F22*H22,2),2) -> 1309.32 | J22: B | K22: =I22/'PLANILHA ORÇAMENTÁRIA'!$I$94 -> 0.0063395837
A23: 2.1.2 | B23: COMP-02 | D23: LOCAÇÃO DE ANDAIME METALICO PARA TRABALHO EM FACHADA DE EDIFÍCIO (ALUGUEL DE 1M² POR 1 MÊS) INCLUSIVE FRETE, MONTAGEM E DESMONTAGEM. | E23: m2 | F23: ='MEMÓRIA DE CÁLCULO'!J45 -> 24 | G23: ='COMP-02'!I28 -> 39.07 | H23: =TRUNC(ROUND(G23*1.3659,2),2) -> 53.37 | I23: =TRUNC(ROUND(F23*H23,2),2) -> 1280.88 | J23: B | K23: =I23/'PLANILHA ORÇAMENTÁRIA'!$I$94 -> 0.0062018804
A24: 5.1.1 | B24: 103333 | C24: SINAPI | D24: ALVENARIA DE VEDAÇÃO DE BLOCOS CERÂMICOS FURADOS NA HORIZONTAL DE 9X14X19 CM (ESPESSURA 9 CM) E ARGAMASSA DE ASSENTAMENTO COM PREPARO MANUAL. AF_12/2021 | E24: m2 | F24: ='MEMÓRIA DE CÁLCULO'!J113 -> 5.53 | G24: 125.82 | H24: =TRUNC(ROUND(G24*1.3659,2),2) -> 171.86 | I24: =TRUNC(ROUND(F24*H24,2),2) -> 950.39 | J24: C | K24: =I24/'PLANILHA ORÇAMENTÁRIA'!$I$94 -> 0.0046016841
A25: 1.1.4 | B25: 104803 | C25: SINAPI | D25: REMOÇÃO CALHAS E RUFOS, DE FORMA MANUAL, SEM REAPROVEITAMENTO. AF_09/2023 | E25: m | F25: ='MEMÓRIA DE CÁLCULO'!J27 -> 99.2 | G25: 5.57 | H25: =TRUNC(ROUND(G25*1.3659,2),2) -> 7.61 | I25: =TRUNC(ROUND(F25*H25,2),2) -> 754.91 | J25: C | K25: =I25/'PLANILHA ORÇAMENTÁRIA'!$I$94 -> 0.0036551914
A26: 9.2.1 | B26: 104952 | C26: SINAPI | D26: MASSA ÚNICA, EM ARGAMASSA TRAÇO 1:2:8, PREPARO MANUAL, APLICADA MANUALMENTE EM PAREDES INTERNAS DE AMBIENTES COM ÁREA MAIOR QUE 10M², E = 17,5MM, COM TALISCAS. AF_03/2024 | E26: m2 | F26: ='MEMÓRIA DE CÁLCULO'!J163 -> 5.52 | G26: 39.24 | H26: =TRUNC(ROUND(G26*1.3659,2),2) -> 53.6 | I26: =TRUNC(ROUND(F26*H26,2),2) -> 295.87 | J26: C | K26: =I26/'PLANILHA ORÇAMENTÁRIA'!$I$94 -> 0.0014325701
A27: 1.1.5 | B27: COMP-01 | D27: RETIRADA DE ESQUADRIAS METÁLICAS | E27: m2 | F27: ='MEMÓRIA DE CÁLCULO'!J32 -> 14.54 | G27: ='COMP-01'!I28 -> 14.22 | H27: =TRUNC(ROUND(G27*1.3659,2),2) -> 19.42 | I27: =TRUNC(ROUND(F27*H27,2),2) -> 282.37 | J27: C | K27: =I27/'PLANILHA ORÇAMENTÁRIA'!$I$94 -> 0.0013672046
A28: 4.1.3 | B28: 96555 | C28: SINAPI | D28: CONCRETAGEM DE BLOCO DE COROAMENTO OU VIGA BALDRAME, FCK 30 MPA, COM USO DE JERICA - LANÇAMENTO, ADENSAMENTO E ACABAMENTO. AF_01/2024 | E28: m3 | F28: ='MEMÓRIA DE CÁLCULO'!J96 -> 0.23 | G28: 719.22 | H28: =TRUNC(ROUND(G28*1.3659,2),2) -> 982.38 | I28: =TRUNC(ROUND(F28*H28,2),2) -> 225.95 | J28: C | K28: =I28/'PLANILHA ORÇAMENTÁRIA'!$I$94 -> 0.0010940251
A29: 8.1.1 | B29: 98557 | C29: SINAPI | D29: IMPERMEABILIZAÇÃO DE SUPERFÍCIE COM EMULSÃO ASFÁLTICA, 2 DEMÃOS. AF_09/2023 | E29: m2 | F29: ='MEMÓRIA DE CÁLCULO'!J144 -> 3.84 | G29: 42.28 | H29: =TRUNC(ROUND(G29*1.3659,2),2) -> 57.75 | I29: =TRUNC(ROUND(F29*H29,2),2) -> 221.76 | J29: C | K29: =I29/'PLANILHA ORÇAMENTÁRIA'!$I$94 -> 0.0010737376
A30: 4.1.6 | B30: 104918 | C30: SINAPI | D30: ARMAÇÃO DE SAPATA ISOLADA, VIGA BALDRAME E SAPATA CORRIDA UTILIZANDO AÇO CA-50 DE 8 MM - MONTAGEM. AF_01/2024 | E30: kg | F30: ='MEMÓRIA DE CÁLCULO'!J101 -> 9.48 | G30: 16.78 | H30: =TRUNC(ROUND(G30*1.3659,2),2) -> 22.92 | I30: =TRUNC(ROUND(F30*H30,2),2) -> 217.28 | J30: C | K30: =I30/'PLANILHA ORÇAMENTÁRIA'!$I$94 -> 0.0010520459
A31: 4.1.7 | B31: 104916 | C31: SINAPI | D31: ARMAÇÃO DE SAPATA ISOLADA, VIGA BALDRAME E SAPATA CORRIDA UTILIZANDO AÇO CA-60 DE 5 MM - MONTAGEM. AF_01/2024 | E31: kg | F31: ='MEMÓRIA DE CÁLCULO'!J106 -> 3.53 | G31: 19.56 | H31: =TRUNC(ROUND(G31*1.3659,2),2) -> 26.72 | I31: =TRUNC(ROUND(F31*H31,2),2) -> 94.32 | J31: C | K31: =I31/'PLANILHA ORÇAMENTÁRIA'!$I$94 -> 0.00045668709
A32: 4.1.2 | B32: 96536 | C32: SINAPI | D32: FABRICAÇÃO, MONTAGEM E DESMONTAGEM DE FÔRMA PARA VIGA BALDRAME, EM MADEIRA SERRADA, E=25 MM, 4 UTILIZAÇÕES. AF_01/2024 | E32: m2 | F32: ='MEMÓRIA DE CÁLCULO'!J91 -> 0.77 | G32: 75.83 | H32: =TRUNC(ROUND(G32*1.3659,2),2) -> 103.58 | I32: =TRUNC(ROUND(F32*H32,2),2) -> 79.76 | J32: C | K32: =I32/'PLANILHA ORÇAMENTÁRIA'!$I$94 -> 0.00038618917
A33: 9.1.1 | B33: 87878 | C33: SINAPI | D33: CHAPISCO APLICADO EM ALVENARIAS E ESTRUTURAS DE CONCRETO INTERNAS, COM COLHER DE PEDREIRO. ARGAMASSA TRAÇO 1:3 COM PREPARO MANUAL. AF_10/2022 | E33: m2 | F33: ='MEMÓRIA DE CÁLCULO'!J156 -> 11.06 | G33: 5.18 | H33: =TRUNC(ROUND(G33*1.3659,2),2) -> 7.08 | I33: =TRUNC(ROUND(F33*H33,2),2) -> 78.3 | J33: C | K33: =I33/'PLANILHA ORÇAMENTÁRIA'!$I$94 -> 0.00037912001
A34: 3.1.1 | B34: 96527 | C34: SINAPI | D34: ESCAVAÇÃO MANUAL PARA VIGA BALDRAME OU SAPATA CORRIDA (INCLUINDO ESCAVAÇÃO PARA COLOCAÇÃO DE FÔRMAS). AF_01/2024 | E34: m3 | F34: ='MEMÓRIA DE CÁLCULO'!J62 -> 0.45 | G34: 121.22 | H34: =TRUNC(ROUND(G34*1.3659,2),2) -> 165.57 | I34: =TRUNC(ROUND(F34*H34,2),2) -> 74.51 | J34: C | K34: =I34/'PLANILHA ORÇAMENTÁRIA'!$I$94 -> 0.00036076924
A35: 1.1.3 | B35: 104789 | C35: SINAPI | D35: DEMOLIÇÃO DE PISO DE CONCRETO SIMPLES, DE FORMA MANUAL, SEM REAPROVEITAMENTO. AF_09/2023 | E35: m3 | F35: ='MEMÓRIA DE CÁLCULO'!I20 -> 0.1792 | G35: 235.19 | H35: =TRUNC(ROUND(G35*1.3659,2),2) -> 321.25 | I35: =TRUNC(ROUND(F35*H35,2),2) -> 57.57 | J35: C | K35: =I35/'PLANILHA ORÇAMENTÁRIA'!$I$94 -> 0.00027874762
A36: 1.1.1 | B36: 97622 | C36: SINAPI | D36: DEMOLIÇÃO DE ALVENARIA DE BLOCO FURADO, DE FORMA MANUAL, SEM REAPROVEITAMENTO. AF_09/2023 | E36: m3 | F36: ='MEMÓRIA DE CÁLCULO'!J12 -> 0.25 | G36: 137.12 | H36: =TRUNC(ROUND(G36*1.3659,2),2) -> 187.29 | I36: =TRUNC(ROUND(F36*H36,2),2) -> 46.82 | J36: C | K36: =I36/'PLANILHA ORÇAMENTÁRIA'!$I$94 -> 0.0002266973
A37: 4.1.1 | B37: 96619 | C37: SINAPI | D37: LASTRO DE CONCRETO MAGRO, APLICADO EM BLOCOS DE COROAMENTO OU SAPATAS, ESPESSURA DE 5 CM. AF_01/2024 | E37: m2 | F37: ='MEMÓRIA DE CÁLCULO'!J86 -> 0.77 | G37: 41.06 | H37: =TRUNC(ROUND(G37*1.3659,2),2) -> 56.08 | I37: =TRUNC(ROUND(F37*H37,2),2) -> 43.18 | J37: C | K37: =I37/'PLANILHA ORÇAMENTÁRIA'!$I$94 -> 0.00020907282
A38: 1.1.2 | B38: 97631 | C38: SINAPI | D38: DEMOLIÇÃO DE ARGAMASSAS, DE FORMA MANUAL, SEM REAPROVEITAMENTO. AF_09/2023 | E38: m2 | F38: ='MEMÓRIA DE CÁLCULO'!J17 -> 2.16 | G38: 13.49 | H38: =TRUNC(ROUND(G38*1.3659,2),2) -> 18.43 | I38: =TRUNC(ROUND(F38*H38,2),2) -> 39.81 | J38: C | K38: =I38/'PLANILHA ORÇAMENTÁRIA'!$I$94 -> 0.00019275565
A39: 10.1.1 | B39: 88485 | C39: SINAPI | D39: FUNDO SELADOR ACRÍLICO, APLICAÇÃO MANUAL EM PAREDE, UMA DEMÃO. AF_04/2023 | E39: m2 | F39: ='MEMÓRIA DE CÁLCULO'!J170 -> 2.16 | G39: 4.97 | H39: =TRUNC(ROUND(G39*1.3659,2),2) -> 6.79 | I39: =TRUNC(ROUND(F39*H39,2),2) -> 14.67 | J39: C | K39: =I39/'PLANILHA ORÇAMENTÁRIA'!$I$94 -> 7.103053e-05
A40: 3.3.1 | B40: 100984 | C40: SINAPI | D40: CARGA, MANOBRA E DESCARGA DE ENTULHO EM CAMINHÃO BASCULANTE 18 M³ - CARGA COM ESCAVADEIRA HIDRÁULICA (CAÇAMBA DE 0,80 M³ / 111 HP) E DESCARGA LIVRE (UNIDADE: M3). AF_07/2020 | E40: m3 | F40: ='MEMÓRIA DE CÁLCULO'!J79 -> 0.82 | G40: 9.46 | H40: =TRUNC(ROUND(G40*1.3659,2),2) -> 12.92 | I40: =TRUNC(ROUND(F40*H40,2),2) -> 10.59 | J40: C | K40: =I40/'PLANILHA ORÇAMENTÁRIA'!$I$94 -> 5.1275618e-05
A41: 3.2.1 | B41: 93382 | C41: SINAPI | D41: REATERRO MANUAL DE VALAS, COM COMPACTADOR DE SOLOS DE PERCUSSÃO. AF_08/2023 | E41: m3 | F41: ='MEMÓRIA DE CÁLCULO'!J70 -> 0.18 | G41: 31.22 | H41: =TRUNC(ROUND(G41*1.3659,2),2) -> 42.64 | I41: =TRUNC(ROUND(F41*H41,2),2) -> 7.68 | J41: C | K41: =I41/'PLANILHA ORÇAMENTÁRIA'!$I$94 -> 3.7185717e-05

Sheet LS
C2: PREFEITURA MUNICIPAL DE JOÃO NEIVA
C3: COMPOSIÇÃO LEIS SOCIAIS - SINAPI/ES - MARÇO/2025 - SEM DESONERAÇÃO
C4: OBRA: REFORMA DA QUADRA POLIESPORTIVA DO BAIRRO MONTE LÍBANO, JOÃO NEIVA/ES
C5: LOCAL: JOÃO NEIVA-ES
B7: GRUPO A | E7: % SINAPI
B8: A1 | C8: INSS | E8: 0.2
B9: A2 | C9: SESI | E9: 0.015
B10: A3 | C10: SENAI | E10: 0.01
B11: A4 | C11: INCRA | E11: 0.002
B12: A5 | C12: SEBRAE | E12: 0.006
B13: A6 | C13: SALÁRIO EDUCAÇÃO | E13: 0.025
B14: A7 | C14: SEGURO CONTRA ACIDENTES DE TRABALHO | E14: 0.03
B15: A8 | C15: FGTS | E15: 0.08
B16: A.9 | C16: SECONCI | E16: 0.01
B17: TOTAL GRUPO A | E17: =SUM(E8:E16) -> 0.378
B18: GRUPO B | E18: % SINAPI
B19: B1 | C19: REPOUSO SEMANAL REMUNERADO | E19: 0.1791
B20: B2 | C20: FERIADOS | E20: 0.0431
B21: B3 | C21: AUXÍLIO - ENFERMIDADE | E21: 0.0086
B22: B4 | C22: 13º SALÁRIO | E22: 0.1104
B23: B5 | C23: LICENÇA PATERNIDADE | E23: 0.0007
B24: B6 | C24: FALTAS JUSTIFICADAS | E24: 0.0074
B25: B7 | C25: DIAS DE CHUVAS | E25: 0.0138
B26: B8 | C26: AUXÍLIO ACIDENTE DE TRABALHO | E26: 0.001
B27: B9 | C27: FÉRIAS GOZADAS | E27: 0.12
B28: B10 | C28: SALÁRIO MATERNIDADE | E28: 0.0003
B29: TOTAL GRUPO B | E29: =SUM(E19:E28) -> 0.4844
B30: GRUPO C | E30: % SINAPI
B31: C1 | C31: AVISO PRÉVIO INDENIZADO | E31: 0.0584
B32: C2 | C32: AVISO PRÉVIO TRABALHADO | E32: 0.0014
B33: C3 | C33: FÉRIAS INDENIZADAS | E33: 0.0222
B34: C4 | C34: DEPÓSITO RESCISÃO SEM JUSTA CAUSA | E34: 0.0313
B35: C5 | C35: INDENIZAÇÃO ADICIONAL | E35: 0.0049
B36: TOTAL GRUPO C | E36: =SUM(E31:E35) -> 0.1182
B37: GRUPO D | E37: % SINAPI
B38: D1 | C38: Reincidência de Grupo A sobre Grupo B (sem considerar INNS sobre 13º, conforme Lei nº 14.973/2024) | E38: =E17*E29 -> 0.1831032
B39: D2 | C39: Reincidência de Grupo A sobre Aviso Prévio Trabalhado e Reincidência do FGTS sobre Aviso Prévio Indenizado | E39: 0.0052
B40: TOTAL GRUPO D | E40: =SUM(E38:E39) -> 0.1883032
B41: TOTAL DOS GRUPOS (A+B+C+D) | E41: =E36+E29+E17+E40 -> 1.1689032

Sheet BDI
C2: PREFEITURA MUNICIPAL DE JOÃO NEIVA
C3: COMPOSIÇÃO BDI
C4: OBRA: REFORMA DA QUADRA POLIESPORTIVA DO MONTE LÍBANO, JOÃO NEIVA/ES
C5: LOCAL: JOÃO NEIVA-ES | G5: BDI: 36,59%
E7: Para Serviços
C8: GRUPO A
C9: Administração Central | E9: 0.0599
C10: Total Grupo A | E10: =E9 -> 0.0599
C11: GRUPO B
C12: Administração Local | E12: 0.0853
C13: Total Grupo B | E13: =E12 -> 0.0853
C14: GRUPO C
C15: Impostos/Tributos
C16: ISS | E16: 0.05
C17: PIS | E17: 0.0065
C18: COFINS | E18: 0.03
C19: CPRB | E19: 0
C20: Total Grupo C | E20: =SUM(E16:E19) -> 0.0865
C21: GRUPO D
C22: Custos Financeiros | E22: 0.0061
C23: Total Grupo D | E23: =E22 -> 0.0061
C24: GRUPO E
C25: Seguros / Garantia | E25: 0.005
C26: Riscos | E26: 0.005
C27: Total Grupo E | E27: =SUM(E25:E26) -> 0.01
C28: GRUPO F
C29: Lucro | E29: 0.0736
C30: Total Grupo F | E30: =E29 -> 0.0736
C32: BDI Total | E32: =(((1+E23)*(1+E10+E13+E27)*(1+E30)/(1-E20))-1) -> 0.36594207
B34: OBS:
B36: 1 | C36: - A fórmula para cálculo da taxa a ser acrescida aos custos diretos de um
C37: empreendimento a título de Benefícios e Despesas Indiretas é:
C38: BDI = {(1 + D)*(1 + A+B+E)*(1 + F)} -1, onde:
C39: (1 – C)
C40: A = ADMINISTRAÇÃO CENTRAL;
C41: B = ADMINISTRAÇÃO LOCAL;
C42: C = ISS + PIS + COFINS+INSS;
C43: D = CUSTOS FINANCEIROS;
C44: E = RISCOS, SEGUROS E GARANTIAS;
C45: F = BENEFÍCIO/LUCRO;
B46: JUSTIFICATIVA MODIFICAÇÃO DOS PERCENTUAIS:
B47: ADMINISTRAÇÃO LOCAL: FOI CONSIDERADO PERCENTUAL INFERIOR AO DA TABELA DE TAXA DE BDI PADRÃO APLICÁVEL, CONFORME RESOLUÇÃO Nº329, DE 24 DE SETEMBRO DE 2019, VISANDO NÃO ULTRAPASSAR O PERCENTUAL DO BDI TOTAL, CONSIDERANDO QUE HOUVE A NECESSIDADE DE AUMENTO DO ISSQN, DE ACORDO COM A LEI MUNICIPAL N° 3.203, DE 27 DE SETEMBRO DE 2019
B48: ISSQN: FOI CONSIDERADO PERCENTUAL SUPERIOR AO DA TABELA DE TAXA DE BDI PADRÃO APLICÁVEL, CONFORME RESOLUÇÃO Nº329, DE 24 DE SETEMBRO DE 2019, CONSIDERANDO QUE HOUVE A NECESSIDADE DE AUMENTO DO ISSQN, DE ACORDO COM A LEI MUNICIPAL N° 3.203, DE 27 DE SETEMBRO DE 2019.
B49: 2 | C49: - Discriminação do BDI
C51: A – Despesas financeiras:
C52: são aquelas decorrentes do custo do capital de giro para fazer frente às despesas realizadas antes do efetivo recebimento das devidas receitas. Foi apropriada por estimativa com base na média proposta no ACÓRDÃO Nº 2.622/2013, PLENÁRIO de 25 set.2013.
C56: B – Administração Central:
C57: são as despesas relativas à manutenção de parcela do custo do escritório central da empresa, tais como: instalações do imóvel/sede (custo de propriedade ou de locação de imóveis); aquisição e manutenção dos equipamentos da sede (computadores, ar condicionado, veículos e correlatos); despesas administrativas (secretária, vigilante, auxiliar de escritório, contínuo, assessorias tercerizadas - ex. contadoria); despesas com consumo (água, luz, telefone, material para escritório, material para limpeza, alimentos, etc). Foi apropriada por estimativa com base na média proposta noACÓRDÃO Nº 2.622/2013, PLENÁRIO de 25 set.2013.
C58: C – Benefício/Lucro:
C59: é a parcela que contempla a remuneração do construtor, definidos com base em valor percentual sobre o total dos custos diretos e despesas indiretas, excluídas aquelas referentes às parcelas tributárias. A taxa adotada como benefício deve ser entendida como uma provisão de onde será retirado o lucro do construtor, após desconto de todos os encargos decorrentes de inúmeras incertezas que podem ocorrer durante as obras, difíceis de serem mensuradas no seu conjunto com base no ACÓRDÃO Nº 2.622/2013, PLENÁRIO de 25 set.2013.
C61: D – Riscos Imprevistos, Garantias e Seguros:
C62: valores para cobertura de despesas imprevisíveis e os seguros e garantias estabelecidos no Projeto Básico e orientação contante no ACÓRDÃO Nº 2.622/2013, PLENÁRIO de 25 set.2013.
C63: E – Valores Relativos aos Tributos:
C64: – Impostos sobre serviços de qualquer natureza – ISS, é imposto de competência municipal, consoante art. 156, inciso III, da Constituição Federal. Alíquota de 4% sobre o valor total da nota fiscal.(Os 4% consideram a redução de 20% da base de cálculo, conforme previsto no art. 9 do Decreto 13314/2007 e Lei Municipal 6075/2003).
C65: – Contribuição para o Programa de Integração Social – PIS. A taxa do PIS, definida pelos Decretos-Lei nº 2.445 e 2.449/88, é de 0,65% sobre a receita operacional bruta.
C66: – Contribuição para o Programa de Financiamento da Seguridade Social – COFINS, definida pela Lei 9.718/98, é de 3%, sobre a receita operacional bruta.
C67: – Contribuição Patronal sobre a Receita Bruta, definida pela Lei 13.161, de 31 de agosto de 2015, é de 4,5%, sobre a receita operacional bruta.

Sheet CRONOGRAMA
B1: PREFEITURA MUNICIPAL DE JOÃO NEIVA
B2: CRONOGRAMA FÍSICO-FINANCEIRO
B3: OBRA: REFORMA DA QUADRA POLIESPORTIVA DO MONTE LÍBANO, JOÃO NEIVA/ES
B4: LOCAL: JOÃO NEIVA/ES
A5: ITEM | B5: DESCRIÇÃO | D5: VALORES R$ | E5: PERÍODO (MESES)
E6: 1 | F6: 2 | G6: 3
A7: 1 | B7: ='PLANILHA ORÇAMENTÁRIA'!D9 -> SERVIÇOS PRELIMINARES | C7: Financeiro (R$) | D7: ='PLANILHA ORÇAMENTÁRIA'!I16 -> 1157.74 | E7: =D7/1 -> 1157.74
C8: Físico (%) | D8: =D7/$D$31 -> 0.00560565 | E8: =E7/D7 -> 1
A9: 2 | B9: ='PLANILHA ORÇAMENTÁRIA'!D18 -> INSTALAÇÃO DO CANTEIRO DE OBRAS | C9: Financeiro (R$) | D9: ='PLANILHA ORÇAMENTÁRIA'!I24 -> 13430.41 | E9: =D9 -> 13430.41
C10: Físico (%) | D10: =D9/$D$31 -> 0.065028571 | E10: =E9/D9 -> 1
A11: 3 | B11: ='PLANILHA ORÇAMENTÁRIA'!D26 -> MOVIMENTO DE TERRA | C11: Financeiro (R$) | D11: ='PLANILHA ORÇAMENTÁRIA'!I33 -> 92.78 | E11: =D11/1 -> 92.78
C12: Físico (%) | D12: =D11/$D$31 -> 0.00044923058 | E12: =E11/D11 -> 1
A13: 4 | B13: ='PLANILHA ORÇAMENTÁRIA'!D35 -> ESTRUTURAS | C13: Financeiro (R$) | D13: ='PLANILHA ORÇAMENTÁRIA'!I42 -> 660.49 | E13: =D13 -> 660.49
C14: Físico (%) | D14: =D13/$D$31 -> 0.0031980201 | E14: =E13/D13 -> 1
A15: 5 | B15: ='PLANILHA ORÇAMENTÁRIA'!D44 -> PAREDES E PAINÉIS | C15: Financeiro (R$) | D15: ='PLANILHA ORÇAMENTÁRIA'!I47 -> 950.39 | E15: =D15/2 -> 475.195 | F15: =D15/2 -> 475.195
C16: Físico (%) | D16: =D15/$D$31 -> 0.0046016841 | E16: =E15/D15 -> 0.5 | F16: =F15/D15 -> 0.5
A17: 6 | B17: ='PLANILHA ORÇAMENTÁRIA'!D49 -> ESQUADRIAS METÁLICAS | C17: Financeiro (R$) | D17: ='PLANILHA ORÇAMENTÁRIA'!I53 -> 4252.34 | F17: =D17/2 -> 2126.17 | G17: =D17/2 -> 2126.17
C18: Físico (%) | D18: =D17/$D$31 -> 0.020589364 | F18: =F17/D17 -> 0.5 | G18: =G17/D17 -> 0.5
A19: 7 | B19: ='PLANILHA ORÇAMENTÁRIA'!D55 -> COBERTURA | C19: Financeiro (R$) | D19: ='PLANILHA ORÇAMENTÁRIA'!I59 -> 14752.47 | G19: =D19 -> 14752.47
C20: Físico (%) | D20: =D19/$D$31 -> 0.071429841 | G20: =G19/D19 -> 1
A21: 8 | B21: ='PLANILHA ORÇAMENTÁRIA'!D61 -> IMPERMEABILIZAÇÃO | C21: Financeiro (R$) | D21: ='PLANILHA ORÇAMENTÁRIA'!I65 -> 28841.82 | E21: =D21*0.2 -> 5768.364 | F21: =D21*0.4 -> 11536.728 | G21: =D21*0.4 -> 11536.728
C22: Físico (%) | D22: =D21/$D$31 -> 0.13964893 | E22: =E21/D21 -> 0.2 | F22: =F21/D21 -> 0.4 | G22: =G21/D21 -> 0.4
A23: 9 | B23: ='PLANILHA ORÇAMENTÁRIA'!D67 -> REVESTIMENTO DE PAREDES | C23: Financeiro (R$) | D23: ='PLANILHA ORÇAMENTÁRIA'!I72 -> 374.17 | E23: =D23 -> 374.17
C24: Físico (%) | D24: =D23/$D$31 -> 0.0018116901 | E24: =E23/D23 -> 1
A25: 10 | B25: ='PLANILHA ORÇAMENTÁRIA'!D74 -> PINTURA | C25: Financeiro (R$) | D25: ='PLANILHA ORÇAMENTÁRIA'!I85 -> 135372.9 | E25: =D25*0.33 -> 44673.057 | F25: =D25*0.33 -> 44673.057 | G25: =D25*0.34 -> 46026.786
C26: Físico (%) | D26: =D25/$D$31 -> 0.65546072 | E26: =E25/D25 -> 0.33 | F26: =F25/D25 -> 0.33 | G26: =G25/D25 -> 0.34
A27: 11 | B27: ='PLANILHA ORÇAMENTÁRIA'!D87 -> SERVIÇOS COMPLEMENTARES | C27: Financeiro (R$) | D27: ='PLANILHA ORÇAMENTÁRIA'!I92 -> 6645.4 | E27: =D27*0.75 -> 4984.05 | G27: =D27*0.25 -> 1661.35
C28: Físico (%) | D28: =D27/$D$31 -> 0.032176297 | E28: =E27/D27 -> 0.75 | G28: =G27/D27 -> 0.25
B29: Total Parcial (%) | E29: =E31/D31 -> 0.34675805 | F29: =F31/D31 -> 0.28475713 | G29: =G31/D31 -> 0.36848481
B30: Total Acumulado (%) | E30: =E29 -> 0.34675805 | F30: =F29+E30 -> 0.63151519 | G30: =G29+F30 -> 1
B31: Total Financeiro (R$) | D31: =D7+D9+D11+D13+D15+D17+D19+D21+D23+D25+D27 -> 206530.91 | E31: =E7+E9+E11+E13+E15+E17+E19+E21+E23+E25+E27 -> 71616.256 | F31: =F7+F9+F11+F13+F15+F17+F19+F21+F23+F25+F27 -> 58811.15 | G31: =G7+G9+G11+G13+G15+G17+G19+G21+G23+G25+G27 -> 76103.504
B32: Total Acumulado (R$) | E32: =E31 -> 71616.256 | F32: =F31+E32 -> 130427.41 | G32: =G31+F32 -> 206530.91

Sheet COMP-01
A1: COMPOSIÇÃO ANALÍTICA DE PREÇO UNITÁRIO | I1: Data-base
I3: 45717
I4: COMP-01
A5: SERVIÇO: RETIRADA DE ESQUADRIAS METÁLICAS. | I5: UND: m2
A7: REFERÊNCIA: DER-ES 010215
A8: MÃO-DE-OBRA
A9: CÓD. | B9: ORGÃO | C9: DESCRIÇÃO | F9: UND | G9: COEF | H9: R$ UNIT. | I9: R$ PARCIAL
A10: 88309 | B10: SINAPI | C10: PEDREIRO COM ENCARGOS COMPLEMENTARES | E10: ENCARGOS: 116,89% | F10: H | G10: 0.05 | H10: 32.55 | I10: =G10*H10 -> 1.6275
A11: 88316 | B11: SINAPI | C11: SERVENTE COM ENCARGOS COMPLEMENTARES | E11: ENCARGOS: 116,89% | F11: H | G11: 0.5 | H11: 25.19 | I11: =G11*H11 -> 12.595
A12: TOTAL A | I12: =SUM(I10:I11) -> 14.2225
A14: MATERIAIS/ SERVIÇOS
A15: CÓD. | B15: ORGÃO | C15: DESCRIÇÃO | F15: UND | G15: COEF | H15: R$ UNIT. | I15: R$ PARCIAL
A17: TOTAL B | I17: =SUM(I16:I16) -> 0
A19: EQUIPAMENTOS
C20: DESCRIÇÃO | F20: UND | G20: COEF | H20: R$ UNIT. | I20: R$ PARCIAL
A22: TOTAL C
A24: RESUMO
A25: TOTAL A | I25: =I12 -> 14.2225
A26: TOTAL B | I26: =I17 -> 0
A27: TOTAL C
A28: PREÇO DE VENDA = TOTAL (A+B+C) | I28: =TRUNC(ROUND(SUM(I25:I27),2),2) -> 14.22

Sheet COMP-02
A1: COMPOSIÇÃO ANALÍTICA DE PREÇO UNITÁRIO | I1: Data-base
I3: 45717
I4: COMP-02
A5: SERVIÇO: LOCAÇÃO DE ANDAIME METALICO PARA TRABALHO EM FACHADA DE EDIFÍCIO (ALUGUEL DE 1M² POR 1 MÊS) INCLUSIVE FRETE, MONTAGEM E DESMONTAGEM. | I5: UND: m2
A7: REFERÊNCIA: SINAPI 97063
A8: MÃO-DE-OBRA
A9: CÓD. | B9: ORGÃO | C9: DESCRIÇÃO | F9: UND | G9: COEF | H9: R$ UNIT. | I9: R$ PARCIAL
A11: TOTAL A
A13: MATERIAIS/ SERVIÇOS
A14: CÓD. | B14: ORGÃO | C14: DESCRIÇÃO | F14: UND | G14: COEF | H14: R$ UNIT. | I14: R$ PARCIAL
A15: 97063 | B15: SINAPI | C15: MONTAGEM E DESMONTAGEM DE ANDAIME MODULAR FACHADEIRO, COM PISO METÁLICO, PARA EDIFÍCIOS COM MULTIPLOS PAVIMENTOS (EXCLUSIVE ANDAIME E LIMPEZA). AF_03/2024 | F15: m² | G15: 1 | H15: 24.44 | I15: =G15*H15 -> 24.44
A16: 020193 | B16: SINAPI | C16: LOCACAO DE ANDAIME METALICO TIPO FACHADEIRO, PECAS COM APROXIMADAMENTE 1,20 M DE LARGURA E 2,0 M DE ALTURA, INCLUINDO DIAGONAIS EM X, BARRAS DE LIGACAO, SAPATAS E DEMAIS ITENS NECESSARIOS A MONTAGEM (NAO INCLUI INSTALACAO) | F16: M2XMES | G16: =0.75 -> 0.75 | H16: 19.5 | I16: =G16*H16 -> 14.625
A17: TOTAL B | I17: =SUM(I15:I16) -> 39.065
A19: EQUIPAMENTOS
C20: DESCRIÇÃO | F20: UND | G20: COEF | H20: R$ UNIT. | I20: R$ PARCIAL
A22: TOTAL C
A24: RESUMO
A25: TOTAL A | I25: =I11 -> 0
A26: TOTAL B | I26: =I17 -> 39.065
A27: TOTAL C
A28: PREÇO DE VENDA = TOTAL (A+B+C) | I28: =TRUNC(ROUND(SUM(I25:I27),2),2) -> 39.07

Sheet COMP-03
A1: COMPOSIÇÃO ANALÍTICA DE PREÇO UNITÁRIO | I1: Data-base
I3: 45717
I4: COMP-03
A5: SERVIÇO: PAR DE POSTES E REDE DE VÔLEI - FORNECIMENTO E INSTALAÇÃO | I5: UND: m2
A7: REFERÊNCIA: SINAPI 103765
A8: MÃO-DE-OBRA
A9: CÓD. | B9: ORGÃO | C9: DESCRIÇÃO | F9: UND | G9: COEF | H9: R$ UNIT. | I9: R$ PARCIAL
A10: 88316 | B10: SINAPI | C10: SERVENTE COM ENCARGOS COMPLEMENTARES | F10: H | G10: 0.8968 | H10: 25.19 | I10: =H10*G10 -> 22.590392
A11: 88309 | B11: SINAPI | C11: PEDREIRO COM ENCARGOS COMPLEMENTARES | F11: H | G11: 2.6904 | H11: 32.55 | I11: =H11*G11 -> 87.57252
A12: TOTAL A | I12: =I11 -> 87.57252
A14: MATERIAIS/ SERVIÇOS
A15: CÓD. | B15: ORGÃO | C15: DESCRIÇÃO | F15: UND | G15: COEF | H15: R$ UNIT. | I15: R$ PARCIAL
A16: 4721 | B16: SINAPI | C16: PEDRA BRITADA N. 1 (9,5 A 19 MM) POSTO PEDREIRA/FORNECEDOR, SEM FRETE | F16: M³ | G16: 0.0289 | H16: 139.26 | I16: =H16*G16 -> 4.024614
A17: 102486 | B17: SINAPI | C17: CONCRETO FCK = 15MPA, TRAÇO 1:3,4:3,4 (EM MASSA SECA DE CIMENTO/ AREIA MÉDIA/ SEIXO ROLADO) - PREPARO MANUAL. AF_05/2021 | F17: M³ | G17: 0.1452 | H17: 683.69 | I17: =H17*G17 -> 99.271788
A18: 200708 | B18: DER/ES | C18: Conjunto de poste de voleibol de tubo de ferro galvanizado 3"e parte móvel de 21/2", inclusive carretilha, furo com tubo de ferro galvanizado de 31/2"e tampão de furo | F18: UND | G18: 1 | H18: 1464.25 | I18: =H18*G18 -> 1464.25
A19: TOTAL B | I19: =SUM(I16:I18) -> 1567.5464
A21: EQUIPAMENTOS
C22: DESCRIÇÃO | F22: UND | G22: COEF | H22: R$ UNIT. | I22: R$ PARCIAL
A24: TOTAL C | I24: 0
A26: RESUMO
A27: TOTAL A | I27: =I12 -> 87.57252
A28: TOTAL B | I28: =I19 -> 1567.5464
A29: TOTAL C | I29: =I24 -> 0
A30: PREÇO DE VENDA = TOTAL (A+B+C) | I30: =TRUNC(ROUND(SUM(I27:I29),2),2) -> 1655.12

Sheet COMP-04
A1: COMPOSIÇÃO ANALÍTICA DE PREÇO UNITÁRIO | I1: Data-base
I3: 45717
I4: COMP-04
A5: SERVIÇO: LIMPEZA GERAL DA OBRA (QUADRA, PRAÇAS E JARDINS) | I5: UND: m2
A7: REFERÊNCIA: DER/ES 200402
A8: MÃO-DE-OBRA
A9: CÓD. | B9: ORGÃO | C9: DESCRIÇÃO | F9: UND | G9: COEF | H9: R$ UNIT. | I9: R$ PARCIAL
A10: 88316 | B10: SINAPI | C10: SERVENTE COM ENCARGOS COMPLEMENTARES | F10: H | G10: 0.07 | H10: 25.19 | I10: =H10*G10 -> 1.7633
A11: TOTAL A | I11: =I10 -> 1.7633
A13: MATERIAIS/ SERVIÇOS
A14: CÓD. | B14: ORGÃO | C14: DESCRIÇÃO | F14: UND | G14: COEF | H14: R$ UNIT. | I14: R$ PARCIAL
A17: TOTAL B | I17: =SUM(I15:I16) -> 0
A19: EQUIPAMENTOS
C20: DESCRIÇÃO | F20: UND | G20: COEF | H20: R$ UNIT. | I20: R$ PARCIAL
A22: TOTAL C | I22: 0
A24: RESUMO
A25: TOTAL A | I25: =I11 -> 1.7633
A26: TOTAL B | I26: =I17 -> 0
A27: TOTAL C | I27: =I22 -> 0
A28: PREÇO DE VENDA = TOTAL (A+B+C) | I28: =TRUNC(ROUND(SUM(I25:I27),2),2) -> 1.76
